Cogmind - Beta 16 @@@ ROGUE MODE // 2025.10.26 @ 23:32:50 Player: Benkyo Result: Defending 0bPrime! Performance ------------- Evolutions (8) 4000 Regions Visited (26) 5200 Robots Destroyed (512) 2560 Value Destroyed (32626) 32626 Prototype IDs (157) 3140 Alien Tech Used (4) 800 Bonus (36407) 36407 TOTAL SCORE: 84733 Bonus ------- High Alert Combat Kills 11796 Follower Combat Kills 1261 Network Hubs Disabled 600 Registered with UFD 300 Met Optimus in HQ 500 Met Zhirov 300 Met Warlord at Base 500 MAIN.C Attacked Warlord 500 Warlord Defense Kills 1494 Built Enhanced Grunts 300 A7 Reached Mainframe 300 Met R17 at Cetus 500 Met R17 at Research 2000 Met Optimus at Protoforge 1000 Completed Drillbomb Mission10000 Optimus Survived to 0b1 3000 Win 3000 Friendly Fire -944 Cogmind --------- Core Integrity 686/1450 Matter 300/300 Energy 600/600 System Corruption 18% Temperature Cool (0) Movement Treading (160) Location 0bPrime Parts ------- > --- POWER (2) -------- Improved Quantum Reactor (fused) Improved Quantum Reactor > --- PROPULSION (6) --- High-density Centrium Heavy Treads High-density Centrium Heavy Treads Experimental Heavy Siege Treads > --- UTILITY (12) ----- Coolant Network Huge Storage Unit Experimental Optical Array Experimental Targeting Computer Experimental Targeting Computer Experimental Core Analyzer Energy Filter Centrium Medium Armor Plating Centrium Medium Armor Plating Experimental Force Field Long-range Tractor Beam > --- WEAPON (3) ------- Improved Potential Cannon Concept Arcsight Missile Launcher > --- INVENTORY (25) --- High-density Centrium Heavy Treads High-density Centrium Heavy Treads 0bPrime Scrap Suit Concept Phasing Heat Sink Experimental Energy Well (600) Improved Matter Compressor (300) Centrium Medium Armor Plating Centrium Medium Armor Plating Compact HERF Cannon Compact HERF Cannon Cooled Nova Cannon Peak State ------------ > --- POWER ------------ Vortex Chain Reactor > --- PROPULSION ------- High-density Centrium Heavy Treads High-density Centrium Heavy Treads Experimental Heavy Siege Treads > --- UTILITY ---------- Huge Storage Unit Experimental Optical Array Advanced Signal Interpreter Experimental Targeting Computer Experimental Core Analyzer Experimental Kinecellerator Quantum Capacitor Centrium Medium Armor Plating Centrium Heavy Armor Plating Experimental Force Field > --- WEAPON ----------- Cooled Nova Cannon Sigix Broadsword > --- INVENTORY -------- Improved Quantum Reactor Improved Quantum Reactor High-density Centrium Heavy Treads High-density Centrium Heavy Treads Experimental Heavy Siege Treads Concept Phasing Heat Sink Coolant Network Experimental Energy Well Improved Matter Compressor Energy Filter Centrium Medium Armor Plating Centrium Medium Armor Plating Centrium Medium Armor Plating Experimental Force Field Long-range Tractor Beam Transdimensional Reconstructor Compact HERF Cannon Overtuned Nova Cannon Improved Potential Cannon Concept Arcsight Missile Launcher [Rating: 242] Favorites ----------- Power Quantum Reactor Engine Improved Deuterium Engine Power Core Enhanced Fission Core Reactor Quantum Reactor Propulsion Centrium Heavy Treads Treads Centrium Heavy Treads Leg Carbon-fiber Leg Wheel Wheel Hover Unit Gravjet Array Flight Unit Experimental Surge Thruster Utility Advanced Signal Interpreter Device Advanced Sensor Array Storage High-capacity Storage Unit Processor Advanced Signal Interpreter Hackware Improved Hacking Suite Protection Centrium Medium Armor Plating Weapon Heavy Phase Cannon Energy Gun Tachyon Dispersion Ray Energy Cannon Heavy Phase Cannon Ballistic Gun Advanced KE Penetrator Ballistic Cannon Magnetic Acceleration Cannon Launcher Concept Arcsight Missile Launcher Special Weapon Remote Datajack Slashing Weapon Sigix Broadsword Special Melee Weapon Datajack Build | -11 -10 -10 -9 -9 -6 -6 -6 -6 -6 -6 -6 -5 -5 -5 -5 -4 -4 -4 -4 -4 -3 -3 -3 -2 -2 -2 ------- Run | Yrd Mat Sub Rec Scr Fac Was Fac Ext Cet Arc Hub Fac Upp Upp Zhi Pro Fac Upp Upp War Pro Res Tes Res Qua Frg Slots Evolved 16 | . . . . . 8 . . . . . . 2 . . . . 2 . . . . 2 . 2 . . Power 1 | . . . . . 1 . . . . . . . . . . . . . . . . . . . . . Propulsion 4 | . . . . . . . . . . . . 2 . . . . 2 . . . . . . . . . Utility 10 | . . . . . 6 . . . . . . . . . . . . . . . . 2 . 2 . . Weapon 1 | . . . . . 1 . . . . . . . . . . . . . . . . . . . . . Parts Attached 273 | 7 6 8 5 2 17 . 53 8 9 5 11 12 6 4 2 4 12 6 3 10 7 5 11 . 20 40 Power 33 | 1 2 2 1 . 1 . 7 3 2 . 2 . 1 . . . . 2 . 1 . . 1 . 3 4 Engine 16 | 1 2 1 1 . 1 . 6 3 . . . . 1 . . . . . . . . . . . . . Core 3 | . . 1 . . . . 1 . . . . . . . . . . 1 . . . . . . . . Reactor 14 | . . . . . . . . . 2 . 2 . . . . . . 1 . 1 . . 1 . 3 4 Propulsion 54 | 2 . 1 1 1 2 . 8 2 1 . . 2 2 . . 2 7 1 . 4 1 1 . . 5 11 Treads 33 | 2 . 1 1 1 . . 4 2 1 . . 2 . . . . 3 1 . 4 1 1 . . 5 4 Leg 6 | . . . . . . . . . . . . . 2 . . 2 . . . . . . . . . 2 Wheel 10 | . . . . . 2 . 4 . . . . . . . . . 4 . . . . . . . . . Hover 2 | . . . . . . . . . . . . . . . . . . . . . . . . . . 2 Flight 3 | . . . . . . . . . . . . . . . . . . . . . . . . . . 3 Utility 123 | 2 2 2 3 . 8 . 24 1 3 4 5 6 1 . 2 1 5 1 3 5 4 4 6 . 10 21 Device 69 | 1 . . . . 6 . 15 . . 4 3 3 . . 1 . 3 1 2 3 3 3 4 . 6 11 Storage 7 | 1 1 . 2 . . . 1 . . . . . . . . . 1 . . . . . . . 1 . Processor 16 | . . . . . . . 5 . 1 . . 1 . . . . . . . 1 . 1 . . 1 6 Hackware 5 | . . . . . . . 2 1 . . 1 . . . . . . . . . . . . . . 1 Protection 26 | . 1 2 1 . 2 . 1 . 2 . 1 2 1 . 1 1 1 . 1 1 1 . 2 . 2 3 Artifact . | . . . . . . . . . . . . . . . . . . . . . . . . . . . Weapon 63 | 2 2 3 . 1 6 . 14 2 3 1 4 4 2 4 . 1 . 2 . . 2 . 4 . 2 4 Energy Gun 4 | . . . . . . . 3 . . . . . . . . . . . . . . . 1 . . . Energy Cannon 21 | . 2 2 . . . . 3 . 1 . . 2 . 3 . 1 . 2 . . . . 3 . . 2 Ballistic Gun 22 | 2 . 1 . . 4 . 5 2 2 . 2 1 1 1 . . . . . . 1 . . . . . Ballistic Cannon 8 | . . . . . 1 . 3 . . . . 1 1 . . . . . . . 1 . . . . 1 Launcher 3 | . . . . . 1 . . . . . 1 . . . . . . . . . . . . . . 1 Special Weapon 3 | . . . . . . . . . . 1 1 . . . . . . . . . . . . . 1 . Impact Weapon . | . . . . . . . . . . . . . . . . . . . . . . . . . . . Slashing Weapon 1 | . . . . . . . . . . . . . . . . . . . . . . . . . 1 . Piercing Weapon . | . . . . . . . . . . . . . . . . . . . . . . . . . . . Special Melee Weapon 1 | . . . . 1 . . . . . . . . . . . . . . . . . . . . . . Unidentified Prototypes 31 | . . . . . . . 3 . 4 . 3 . . . 1 . . . . 1 . . 6 . 5 8 Corrupted Parts 3 | . . . . . . . . . . . 1 . . . . . . . . . . . 2 . . . System Corruption 6 | . . . . . . . . . . . 2 . . . . . . . . . . . 4 . . . Parts Lost 55 | . . 5 . . 6 1 23 2 1 . 2 5 4 . . 1 1 . . . 1 . . . 1 2 Power 5 | . . 2 . . 1 . 2 . . . . . . . . . . . . . . . . . . . Propulsion 12 | . . 1 . . 1 . 5 2 . . . 1 1 . . . 1 . . . . . . . . . Utility 20 | . . 1 . . 2 . 9 . 1 . . 2 1 . . . . . . . 1 . . . 1 2 Weapon 18 | . . 1 . . 2 1 7 . . . 2 2 2 . . 1 . . . . . . . . . . Highest Loss Streak 5 | . . 3 . . 2 1 5 2 1 . 1 2 2 . . 1 1 . . . 1 . . . 1 1 To Critical Strikes . | . . . . . . . . . . . . . . . . . . . . . . . . . . . Average Backups 18 | 2 13 13 19 19 16 18 17 19 18 18 17 17 17 18 18 18 21 22 23 22 22 21 22 22 22 16 Power . | . . . 3 1 . . 1 . . . . . . . . . 1 1 1 . . . . 1 1 1 Propulsion 2 | 1 2 3 5 3 1 4 2 1 1 2 2 . . 2 2 . . 1 2 . . 1 . . 1 2 Utility 8 | . 5 4 3 6 4 4 5 9 7 7 8 10 10 8 9 9 11 11 11 13 12 10 13 12 10 8 Weapon 5 | . 4 4 6 6 6 8 6 5 7 5 4 3 2 5 5 4 4 5 4 3 5 6 4 4 5 3 Tool/Special . | . . . . . . . . . . . . . . . . . . . . . . . . . . . Unused Backups 97 | . 4 5 2 17 2 . 7 5 5 1 . 3 1 3 1 1 2 1 1 6 1 1 3 2 7 16 Power 12 | . . . . 3 . . . . . . . . . 1 . . 1 1 . 1 1 . . 1 2 1 Propulsion 15 | . 2 2 . 5 . . . . 3 . . . . . . . . . . 1 . . 1 . . 1 Utility 37 | . 1 2 1 2 . . 3 3 . . . 3 1 2 1 1 1 . . 2 . 1 1 . 4 8 Weapon 31 | . 1 1 . 7 2 . 4 2 2 1 . . . . . . . . 1 2 . . 1 1 . 6 Tool/Special 2 | . . . 1 . . . . . . . . . . . . . . . . . . . . . 1 . Average Slot Usage (%) 89 | . 100 99 100 100 86 85 97 100 94 93 92 85 88 94 83 93 92 91 88 85 79 79 76 77 76 71 Engine 4 | . 14 2 14 14 11 6 7 11 5 . . . 1 5 5 5 5 3 . . . . . . . . Core 1 | . . 10 . . . . 4 1 . . . . . . . . . 1 5 1 . . . . . . Reactor 3 | . . . . . . . . . 6 13 13 11 9 5 5 5 5 5 5 5 5 4 4 4 7 5 Treads 15 | . 28 28 28 28 2 . 8 12 7 6 6 11 8 5 5 5 13 17 21 20 20 13 13 13 13 12 Leg 1 | . . . . . . . . . . . . . 3 11 11 11 1 . . . . . . . . . Wheel 1 | . . . . . 8 13 3 . . . . . . . . . 8 6 . . . . . . . . Device 14 | . 2 . . . 23 28 30 13 12 14 11 17 17 17 19 16 15 21 20 17 14 18 18 25 22 14 Storage 7 | . 14 14 14 14 6 6 6 6 6 6 6 5 5 5 5 5 5 5 5 5 5 4 4 4 4 4 Processor 10 | . . . . . . . 10 20 20 20 18 13 11 11 11 11 10 10 10 12 15 19 19 17 16 17 Hackware 1 | . . . . . . . 2 12 6 6 11 5 4 . . . . . . . . . . . . . Protection 7 | . 11 14 14 14 12 13 1 . 5 4 3 2 5 11 8 11 9 5 5 5 5 4 1 . 3 6 Energy Cannon 8 | . 12 13 14 14 4 . 3 6 11 6 4 1 5 6 . 16 15 14 14 14 3 11 9 8 4 4 Ballistic Gun 5 | . 15 14 14 6 9 17 9 10 7 13 13 9 8 8 . . . . . . 3 . . . . . Peak Build Rating 242 | 7 11 15 16 20 52 52 72 68 107 107 123 143 136 110 108 106 115 130 128 141 148 156 168 177 228 242 Average Rating 103 | 5 10 13 14 17 42 48 64 65 95 106 108 131 116 105 94 104 111 120 127 135 142 148 161 175 207 230 On Entrance 94 | . 7 11 13 16 20 52 42 67 68 107 106 111 136 107 110 105 103 110 127 128 138 147 148 164 176 228 Avg Prop Armor Cover (%) 9 | 12 11 . . . 4 . 7 8 . . . . 6 5 6 5 16 21 . . . . . . . . Naked Turns . | . . . . . . . . . . . . . . . . . . . . . . . . . . . Heaviest Build 194 | 11 35 37 61 61 87 81 90 85 109 110 114 123 114 116 115 124 158 153 149 163 176 176 176 165 185 194 Greatest Support 280 | 20 40 40 43 46 24 24 51 40 80 80 80 160 160 80 80 80 80 203 203 208 220 220 210 210 270 280 Greatest Overweight (x) 14 | 2 . . 1 1 7 3 8 5 2 1 1 . 1 1 1 1 14 7 . . . 1 1 . . 1 Average Overweight (x) 1 | . . . . 1 5 2 3 1 1 1 1 . . 1 1 1 6 3 . . . . . . . . Largest Inventory Capacity 25 | 8 15 15 20 20 20 20 20 20 20 20 20 20 20 20 20 20 25 25 25 25 25 25 25 25 25 25 Average Capacity 21 | 7 14 15 19 20 20 20 20 20 20 20 20 20 20 20 20 20 23 25 25 25 25 25 25 25 25 25 Most Carried 25 | 7 15 15 20 20 20 20 20 20 20 20 20 20 20 20 20 20 25 25 25 25 25 25 25 25 25 25 Average Carried 20 | 3 13 14 19 19 18 20 19 19 19 19 19 19 18 19 19 19 23 24 24 24 24 24 24 24 24 22 Final Capacity 25 | 8 15 15 20 20 20 20 20 20 20 20 20 20 20 20 20 20 25 25 25 25 25 25 25 25 25 25 Final Carried 25 | 7 15 15 20 20 20 20 20 20 20 20 20 18 19 20 20 19 25 25 25 25 25 25 25 25 25 14 Class Distribution -------------------- 26% | Scavenger-Tank 17% | Scavenger-Skirmisher 14% | Commander-Mutant 9% | Mutant 9% | Scavenger-Mutant 6% | Derelict-Tank 3% | Derelict-Skirmisher 3% | Assassin Dominant Class ---------------- Mutant | -10/Materials Mutant | -10/Subcaves Commander-Mutant | -9/Recycling Commander-Mutant | -9/Scraptown Commander-Tank | -6/Factory Scavenger-Tank | -6/Waste Scavenger-Skirmisher | -6/Factory Scavenger-Skirmisher | -6/Extension Scavenger-Tank | -6/Cetus Scavenger-Tank | -6/Archives Scavenger-Skirmisher | -6/Hub_04(d) Scavenger-Skirmisher | -5/Factory Scavenger-Skirmisher | -5/Upper Caves Scavenger-Tank | -5/Upper Caves Scavenger-Mutant | -5/Zhirov Scavenger-Tank | -4/Proximity Caves Scavenger-Tank | -4/Factory Scavenger-Tank | -4/Upper Caves Derelict-Tank | -4/Upper Caves Scavenger-Tank | -4/Warlord Scavenger-Skirmisher | -3/Proximity Caves Derelict-Skirmisher | -3/Research Skirmisher | -3/Testing Skirmisher | -2/Research Assassin | -2/Quarantine Scavenger-Mutant | -2/Protoforge Resources | -11 -10 -10 -9 -9 -6 -6 -6 -6 -6 -6 -6 -5 -5 -5 -5 -4 -4 -4 -4 -4 -3 -3 -3 -2 -2 -2 ----------- Run | Yrd Mat Sub Rec Scr Fac Was Fac Ext Cet Arc Hub Fac Upp Upp Zhi Pro Fac Upp Upp War Pro Res Tes Res Qua Frg Matter Collected 13885 | 278 87 161 54 30 630 . 2353 563 236 246 402 1297 780 371 457 335 383 131 168 313 320 424 100 177 473 3116 Remotely 4072 | . . . . . . . 438 52 . . . 905 . 261 . . 189 . . 65 . 89 . . . 2073 Salvage Created 26943 | 95 397 448 154 . 595 . 3276 396 352 365 1037 1865 836 300 408 418 1103 276 161 691 686 300 290 1078 1556 9860 Parts 1168 | 6 29 22 7 . 37 . 140 18 16 24 62 87 38 9 3 8 43 5 . 26 27 6 21 45 70 419 Haulers Intercepted 10 | . . . . . . . 1 . . . 2 1 . . . . 3 . . . . . . 1 2 . Recyclers Shooed 9 | . . . 2 . . . 4 . . . . 3 . . . . . . . . . . . . . . Parts Field Recycled . | . . . . . . . . . . . . . . . . . . . . . . . . . . . Retrieved Matter . | . . . . . . . . . . . . . . . . . . . . . . . . . . . Parts Self-Destructed 84 | . . 16 . . . . . . . . . . 27 2 2 8 . 4 . . 25 . . . . . Prevented . | . . . . . . . . . . . . . . . . . . . . . . . . . . . Parts Restored . | . . . . . . . . . . . . . . . . . . . . . . . . . . . Kills | -11 -10 -10 -9 -9 -6 -6 -6 -6 -6 -6 -6 -5 -5 -5 -5 -4 -4 -4 -4 -4 -3 -3 -3 -2 -2 -2 ------- Run | Yrd Mat Sub Rec Scr Fac Was Fac Ext Cet Arc Hub Fac Upp Upp Zhi Pro Fac Upp Upp War Pro Res Tes Res Qua Frg Combat Hostiles Destroyed 409 | . 9 12 . . 12 . 46 7 4 . 11 24 15 10 . 9 10 1 3 9 11 6 4 9 13 184 Melee 1 | . . . . . . . . . . . . . . . . . . . . . . . . . . 1 Guns 83 | . 6 8 . . 7 . 27 2 4 . 11 12 5 . . . . . . . 1 . . . . . Cannons 173 | . 3 4 . . 5 . 18 4 . . . 11 6 4 . 7 10 1 1 7 8 4 3 8 10 59 AOE 115 | . . . . . . . . . . . . . 3 6 . 2 . . 2 . . . . . . 102 Classes Destroyed 32 | 2 4 2 1 . 4 . 4 . . . . . . . . . . 1 . 3 . . . . 1 10 Worker 12 | . 1 . . . 1 . 7 . . . 1 1 . . . . 1 . . . . . . . . . Builder 13 | . . . 1 . 1 . 4 . . . 2 4 . . . . 1 . . . . . . . . . Tunneler 3 | 1 . . . . . . 1 . . . 1 . . . . . . . . . . . . . . . Hauler 10 | . . . . . . . 1 . . . 2 1 . . . . 3 . . . . . . 1 2 . Recycler 13 | 1 . . 2 . . . 5 . . . . 4 . . . . . . . . . . . 1 . . Minesweeper 2 | . . . . . . . . . . . . . . . . . . 1 . . 1 . . . . . Mechanic 11 | . . . . . . . 1 . . . . . . . . . . . . . . . . . . 10 Operator 8 | . . . . . 1 . . . . 6 . . . . . . . . . . . . . . 1 . Drone 9 | . . . . . . . . . . . . . . . . . . . . . . . . . . 9 Turret 2 | . . 2 . . . . . . . . . . . . . . . . . . . . . . . . Watcher 21 | . 3 . . . . . 1 1 . . 1 3 . . . . 2 . . . . 1 . 3 3 3 Swarmer 44 | . 3 3 . . 4 . 3 . . . . 4 1 5 . . . . . . 4 3 . . . 14 Saboteur 2 | . . . . . . . . . . . . . . . . . . . . . . . . . . 2 Grunt 119 | . 6 2 . . 2 . 30 . . . 4 9 6 3 . 7 3 . 2 5 6 . . 1 1 32 Brawler 10 | . . . . . . . 3 . . . . 1 1 1 . . . . . . . . . . . 4 Duelist 5 | . . . . . . . 1 . . . . . . . . 1 1 . . . . . . . . 2 Protector 6 | . . . . . . . . . . . . . . . . . . . . . . . . . . 6 Researcher 2 | . . . . . . . . . . . . . . . . . . . . . . . . . . 2 Sentry 26 | . . . . . 2 . 2 6 . . 3 1 1 . . . 2 . 1 . 1 3 . . . 4 Specialist 1 | . . . . . . . . . . . . . . . . . . . . . . . . . . 1 Hunter 39 | . . . . . 3 . 3 . . . . 4 2 1 . . . . . . . . . 3 . 23 Programmer 57 | . . . . . 1 . 4 1 . . 1 5 . . . 1 4 1 . . . . 3 5 11 20 Behemoth 2 | . . . . . . . . . . . . . . . . . . . . 2 . . . . . . Cetus Guard 4 | . . . . . . . . . 4 . . . . . . . . . . . . . . . . . Enhanced Grunt 1 | . . . . . . . . . . 1 . . . . . . . . . . . . . . . . Lightning 3 | . . . . . . . . . . . 3 . . . . . . . . . . . . . . . Hotshot 5 | . . . . . . . . . . . . . . . . . . . . . . . . . . 5 Decapitator 8 | . . . . . . . . . . . . . . . . . . . . . . . . . . 8 Immortal 2 | . . . . . . . . . . . . . . . . . . . . . . . . . . 2 Overlord 1 | . . . . . . . . . . . . . . . . . . . . . . . . . . 1 Striker 13 | . . . . . . . . . . . . . . . . . . . . 1 . . . . . 12 Executioner 33 | . . . . . . . . . . . . . . . . . . . . 1 . . . . . 32 Alpha 7 2 | . . . . . . . . . . . . . . . . . . . . . . . . . . 2 Fortress 1 | . . . . . . . . . . . . . . . . . . . . . . . . . 1 . V-Series 5 | . . . . . . . . . . . . . . . . . . . . . . . . . . 5 Protovariant H 1 | . . . . . . . . . . . . . . . . . . . . . . . 1 . . . Subdweller 7 | . . 7 . . . . . . . . . . . . . . . . . . . . . . . . Scrapoid 2 | . . . . . . . . . . . . . . . . . . . . . . . . . . 2 Decomposer 3 | . . . . . . . . . . . . . . . . 2 . 1 . . . . . . . . Packrat 2 | . . . . . . . . . . . . . . . . . . 2 . . . . . . . . Thug 3 | . . . . . . . . 1 . 1 . . 1 . . . . . . . . . . . . . Butcher 3 | . . . . . . . . . . . . . 3 . . . . . . . . . . . . . Guerrilla 1 | . . . . . . . . . 1 . . . . . . . . . . . . . . . . . Best Kill Streak 32 | 2 3 5 3 . 4 . 8 4 2 3 9 16 4 5 . 4 6 1 3 4 5 4 3 6 5 32 Combat Bots Only 30 | . 3 5 . . 4 . 5 2 2 . 3 12 4 5 . 4 5 1 3 4 5 4 3 6 3 30 Max Kills in Single Turn 5 | 1 1 1 1 . 3 . 2 1 1 1 3 2 2 4 . 2 1 1 2 1 2 1 1 1 1 5 Gunslinging . | . . . . . . . . . . . . . . . . . . . . . . . . . . . Exploded 5 | . . . . . . . . . . . . . 2 4 . 2 . . 2 . . . . . . 5 Melee 1 | . . . . . . . . . . . . . . . . . . . . . . . . . . 1 Uniques/NPCs Destroyed . | . . . . . . . . . . . . . . . . . . . . . . . . . . . Combat | -11 -10 -10 -9 -9 -6 -6 -6 -6 -6 -6 -6 -5 -5 -5 -5 -4 -4 -4 -4 -4 -3 -3 -3 -2 -2 -2 -------- Run | Yrd Mat Sub Rec Scr Fac Was Fac Ext Cet Arc Hub Fac Upp Upp Zhi Pro Fac Upp Upp War Pro Res Tes Res Qua Frg Hostile Shots Fired 1961 | . 33 107 . . 155 1 293 163 21 . 74 167 76 23 . 66 59 . 15 33 63 41 9 37 54 471 Missed 599 | . 10 36 . . 48 . 91 60 5 . 26 64 18 7 . 19 13 . 5 8 15 12 . 12 15 135 Hits 1362 | . 23 71 . . 107 1 202 103 16 . 48 103 58 16 . 47 46 . 10 25 48 29 9 25 39 336 Melee 43 | . . . . . . 1 3 . . . . . 1 . . 6 2 . . . . . . . . 30 Projectile 1319 | . 23 71 . . 107 . 199 103 16 . 48 103 57 16 . 41 44 . 10 25 48 29 9 25 39 306 AOE 6 | . . . . . . . 1 . . . . . . . . . . . . . . . . . . 5 Critical Strikes 88 | . 1 2 . . 3 1 8 . 3 . 6 2 2 1 . 3 3 . 1 . 9 . . 1 2 40 Part Disruptions 3 | . . . . . 1 . . . . . . . . . . . . . . . . . . . . 2 Damage Taken 23230 | . 289 1104 . . 1047 28 3292 569 336 . 1457 1729 1052 298 . 850 868 . 167 497 711 450 191 265 759 7271 Core 1939 | . 66 92 . . 102 . 296 56 24 . 227 115 67 47 . 30 37 . . 21 49 44 . 13 2 651 Absorbed by Shields 7164 | . . . . . 419 . . 333 75 . . . . . . 338 112 . 61 151 262 184 113 256 362 4498 Reduced by Siege Mode 495 | . . . . . . . . . . . . . . . . . . . . . 2 . 12 16 23 442 Redirected to Shielding 139 | . . . . . . . . . . . . . . . . 64 29 . . 46 . . . . . . Ignored by Resistances 810 | . . . . . 223 8 . . . . 105 188 . . . . . . . . 31 129 . . 126 . Regen/Repaired (Parts) 2022 | . . . . . . . . . . . . . . . . . . . . 500 . . 344 . 242 936 Core Remaining (%) 65 | 100 . . . 36 . . . . . . 17 . . . . 74 . . . . 90 . 96 . . 47 Volleys Fired 1580 | 4 27 51 6 . 39 . 209 67 15 19 49 85 49 10 62 16 65 6 9 53 18 42 42 56 94 487 Largest 3 | 2 2 2 2 . 3 . 3 3 3 3 3 3 3 3 1 3 3 3 3 3 3 3 1 1 1 1 Hottest 278 | 40 88 96 96 . 129 . 200 123 160 105 105 117 176 219 20 270 270 278 278 278 278 278 94 94 50 200 Shots Fired 2602 | 8 54 98 12 . 108 . 516 123 43 53 109 184 111 27 62 48 139 19 23 95 49 59 42 56 96 468 Gun 806 | 8 28 47 6 . 68 . 317 34 15 37 80 106 48 7 . . . . . . 5 . . . . . Cannon 1628 | . 26 51 6 . 38 . 199 89 28 15 23 78 59 13 . 37 139 19 17 72 44 59 42 56 95 423 Launcher 75 | . . . . . 2 . . . . . 1 . 4 7 . 11 . . 5 . . . . . . 45 Special 93 | . . . . . . . . . . 1 5 . . . 62 . . . 1 23 . . . . 1 . Kinetic 951 | 8 28 47 6 . 88 . 331 57 15 37 80 165 59 7 . . . . . . 10 13 . . . . Thermal 1377 | . 26 51 6 . 18 . 161 66 28 15 28 3 47 13 55 37 139 19 17 85 39 46 39 42 95 302 Explosive 75 | . . . . . 2 . . . . . 1 . 4 7 . 11 . . 5 . . . . . . 45 Electromagnetic 157 | . . . . . . . 24 . . . . 16 1 . . . . . . . . . 3 14 . 99 Entropic 22 | . . . . . . . . . . . . . . . . . . . . . . . . . . 22 Robot Hit Streak 44 | 5 7 12 4 . 6 . 13 14 18 19 14 11 8 9 44 6 24 7 7 12 14 11 13 17 18 37 Robot Miss Streak 7 | 1 3 3 1 . 7 . 7 2 1 5 4 4 4 1 2 4 3 2 2 3 2 3 3 2 2 4 Penetration Max 1 | . . . . . . . 1 . 1 1 1 1 1 . . . . . . . . . . . . . Secondary Targets 9 | . . . . . 2 . 6 . . . 1 . . . . . . . . . . . . . . . Max Gunslinging Chain 1 | . . . . . 1 . 1 . . . 1 . . . . . . . . . . . . . . . Capacitor 581 | . . . . . . . . . . . . . . . . . . . . . . . 35 56 95 395 Shots Hit Robots 1561 | 6 35 64 8 2 57 . 302 63 38 25 51 109 58 12 53 20 66 9 12 47 34 24 11 37 64 354 Core Hits 924 | 4 23 24 5 . 28 . 170 16 16 16 32 59 32 17 20 30 29 4 9 17 18 6 4 17 28 300 Critical Kills 42 | . . 1 . . 1 . 2 1 2 5 7 8 1 . . . . . . 2 2 1 . . 3 6 Critical Parts Destroyed 31 | . . . . . . . 5 . . 3 4 18 1 . . . . . . . . . . . . . Critical Strikes 106 | . . 1 . . 3 . 15 3 2 8 11 29 3 . 1 . . . . 2 2 2 . 1 3 20 Burn 5 | . . . . . . . 5 . . . . . . . . . . . . . . . . . . . Meltdown 18 | . . . . . . . 1 1 . 1 . . 1 . . . . . . 2 2 1 . . 3 6 Destroy 56 | . . 1 . . 1 . 6 . 2 7 11 26 2 . . . . . . . . . . . . . Blast 7 | . . . . . 2 . 1 2 . . . 1 . . . . . . . . . 1 . . . . Corrupt 7 | . . . . . . . 2 . . . . 2 . . . . . . . . . . . 1 . 2 Sever 1 | . . . . . . . . . . . . . . . 1 . . . . . . . . . . . Sunder 12 | . . . . . . . . . . . . . . . . . . . . . . . . . . 12 Melee Attacks 7 | . . . . 2 . . . . . . . . . . . . . . . . . . . . 2 3 Impact . | . . . . . . . . . . . . . . . . . . . . . . . . . . . Slashing 5 | . . . . . . . . . . . . . . . . . . . . . . . . . 2 3 Piercing . | . . . . . . . . . . . . . . . . . . . . . . . . . . . Sneak Attacks 7 | . . . . 2 . . . . . . . . . . . . . . . . . . . . 2 3 Combat Hostiles 1 | . . . . . . . . . . . . . . . . . . . . . . . . . 1 . Follow-up Attacks . | . . . . . . . . . . . . . . . . . . . . . . . . . . . Damage Inflicted 88021 | 48 471 1010 149 . 1118 . 7695 1901 1214 958 1565 4143 1914 1083 591 1670 2429 319 607 1515 1320 1252 538 1725 2917 49869 Guns 11713 | 48 188 376 44 . 643 . 4110 497 413 679 1174 2748 648 35 . . . . . . 110 . . . . . Cannons 39960 | . 283 634 105 . 475 . 3585 1404 801 279 285 1312 869 311 . 630 2429 319 310 1515 1210 1252 538 1725 2474 17215 Explosions 35044 | . . . . . . . . . . . 106 83 397 737 . 1040 . . 297 . . . . . 157 32227 Melee 713 | . . . . . . . . . . . . . . . . . . . . . . . . . 286 427 Ramming . | . . . . . . . . . . . . . . . . . . . . . . . . . . . Kinetic 15466 | 48 188 376 44 . 914 . 5008 1179 413 679 1174 3594 712 35 . . . . . . 362 740 . . . . Thermal 42889 | . 283 634 105 . 204 . 2270 722 801 279 355 66 805 311 591 630 2429 319 310 1515 958 512 409 1205 2474 24702 Explosive 22832 | . . . . . . . . . . . . . 397 737 . 1040 . . 297 . . . . . 157 20204 Electromagnetic 4855 | . . . . . . . 417 . . . 36 483 . . . . . . . . . . 129 520 . 3270 Impact . | . . . . . . . . . . . . . . . . . . . . . . . . . . . Slashing 713 | . . . . . . . . . . . . . . . . . . . . . . . . . 286 427 Piercing . | . . . . . . . . . . . . . . . . . . . . . . . . . . . Entropic 1266 | . . . . . . . . . . . . . . . . . . . . . . . . . . 1266 Highest Corruption 18 | . . . . . . 8 8 7 7 7 12 5 5 5 5 5 2 2 2 2 . . 6 3 4 18 Average Corruption 6 | . . . . . . 8 5 6 7 4 8 4 5 5 5 5 1 2 2 2 . . 2 2 2 12 Corruption Purged 15 | . . . . . . . 3 . . 7 . . . . . . . . . . . . . . 5 . Corruption Blocked . | . . . . . . . . . . . . . . . . . . . . . . . . . . . Effects 504 | . . . . . . 3 83 38 17 9 10 2 38 31 24 39 9 12 15 1 . . 4 4 15 150 Message Errors 113 | . . . . . . . 24 8 4 3 2 . 6 8 9 8 . 5 3 1 . . 1 . 5 26 Matter Fused 105 | . . . . . . . 16 9 4 2 . . 7 8 3 12 2 4 2 . . . 1 . 1 34 Heat Flow Errors 46 | . . . . . . 1 6 7 3 2 1 1 4 3 . 5 1 . 1 . . . . . . 11 Energy Discharges 61 | . . . . . . . 5 4 3 1 2 . 5 3 6 6 1 1 3 . . . . 1 1 19 Parts Rejected 12 | . . . . . . . 3 2 . . 1 . 2 . . . . . . . . . . . 1 3 Parts Fused 5 | . . . . . . . . 1 . . 1 . . . . 1 . . . . . . . . . 2 Data Loss (minor) 74 | . . . . . . . 10 2 1 . 2 1 5 7 5 3 5 1 3 . . . 1 1 3 24 Data Loss (major) 28 | . . . . . . 2 6 1 1 . . . 2 . 1 1 . . 1 . . . 1 . 2 10 Misfires 21 | . . . . . . . 4 1 1 1 1 . 4 2 . 2 . 1 1 . . . . 1 2 . Alerts 3 | . . . . . . . 1 . . . . . 1 . . . . . 1 . . . . . . . Misdirections 3 | . . . . . . . . . . . . . . . . . . . . . . . . . . 3 Weapon Failures 33 | . . . . . . . 8 3 . . . . 2 . . 1 . . . . . . . 1 . 18 Overload Shots 9 | . . . . . . . . 3 1 . . . . . . . . . . . . . . . . 5 Overflow Damage 3133 | . 3 19 . . 21 . 96 41 . 50 . 88 26 . 33 32 31 97 1 7 20 61 1 12 204 2290 Projectiles 1402 | . 3 19 . . 20 . 96 41 . 50 . 66 26 . 33 32 31 97 1 7 20 61 1 12 138 648 Explosions 1594 | . . . . . 1 . . . . . . 22 . . . . . . . . . . . . . 1571 Melee 137 | . . . . . . . . . . . . . . . . . . . . . . . . . 66 71 Knockbacks 33 | . . . . . 3 . 18 . . . . 8 . . . . . . . . 1 3 . . . . Impact . | . . . . . . . . . . . . . . . . . . . . . . . . . . . Kinetic 30 | . . . . . 3 . 17 . . . . 6 . . . . . . . . 1 3 . . . . Secondary 3 | . . . . . . . 1 . . . . 2 . . . . . . . . . . . . . . Self-Inflicted Damage 527 | . . . . . 28 . 160 . . . 136 . . . . 123 . . . . . . . . 80 . Shots 9 | . . . . . 1 . 2 . . . 2 . . . . 3 . . . . . . . . 1 . Rammed . | . . . . . . . . . . . . . . . . . . . . . . . . . . . Targets Rammed . | . . . . . . . . . . . . . . . . . . . . . . . . . . . Kicked . | . . . . . . . . . . . . . . . . . . . . . . . . . . . Crushed . | . . . . . . . . . . . . . . . . . . . . . . . . . . . Highest Temperature 375 | . 193 63 234 . 22 165 154 213 125 166 375 347 200 235 . 226 200 176 193 200 200 196 192 161 176 330 Average Temperature 73 | . 77 21 93 . 10 85 48 72 46 64 119 44 45 66 . 117 98 72 67 72 97 44 52 65 59 93 Received Heat Transfer 3651 | . 144 321 . . 169 . 1053 113 13 . 171 453 327 45 . 126 68 . 12 71 173 58 . 8 33 293 Effects 5 | . . . . . . . . . . . 2 1 . . . . 2 . . . . . . . . . Shutdowns 2 | . . . . . . . . . . . 1 1 . . . . . . . . . . . . . . Energy Bleed 1 | . . . . . . . . . . . . . . . . . 1 . . . . . . . . . Interference 1 | . . . . . . . . . . . . . . . . . 1 . . . . . . . . . Short Circuit 1 | . . . . . . . . . . . 1 . . . . . . . . . . . . . . . Siege Activations 11 | . . . . . . . . . . . . . . . . . . . . 1 1 . 1 1 2 5 Total Turns 229 | . . . . . . . . . . . . . . . . . . . . 12 6 . 30 26 23 132 Longest Duration 46 | . . . . . . . . . . . . . . . . . . . . 12 6 . 30 26 18 46 Martial Activations . | . . . . . . . . . . . . . . . . . . . . . . . . . . . Shielding Activations . | . . . . . . . . . . . . . . . . . . . . . . . . . . . Robots Disrupted . | . . . . . . . . . . . . . . . . . . . . . . . . . . . Combat Hostiles . | . . . . . . . . . . . . . . . . . . . . . . . . . . . Robots Corrupted 19 | . . . . . . . . . . . . 1 . . . . . . . . . . 1 1 . 16 Combat Hostiles 18 | . . . . . . . . . . . . 1 . . . . . . . . . . 1 1 . 15 Parts Fried 46 | . . . . . . . 1 . 1 . . 4 . . . . . . . . . . 1 7 . 32 Impact Corruptions . | . . . . . . . . . . . . . . . . . . . . . . . . . . . Robots Melted 19 | . . . . . . . 1 1 . 1 . . 1 . . . . . . 2 2 2 . . 3 6 Combat Hostiles 18 | . . . . . . . 1 1 . . . . 1 . . . . . . 2 2 2 . . 3 6 Parts Melted 64 | . . 2 . . . . 9 . . 2 . . 2 1 . . 6 . . 4 6 1 2 4 11 14 Heat Transferred 42327 | . 555 1147 185 . 370 . 4400 1100 1168 425 475 50 1200 359 1561 666 2516 346 333 1849 1179 568 296 925 1886 18768 Parts Sabotaged 2 | . . . . . . . . . . . . . . . . . . . . . . . . . . 2 Parts Stolen . | . . . . . . . . . . . . . . . . . . . . . . . . . . . Parts Stripped . | . . . . . . . . . . . . . . . . . . . . . . . . . . . Power Chain Reactions 1 | . . . . . . . . . . . 1 . . . . . . . . . . . . . . . Alert | -11 -10 -10 -9 -9 -6 -6 -6 -6 -6 -6 -6 -5 -5 -5 -5 -4 -4 -4 -4 -4 -3 -3 -3 -2 -2 -2 ------- Run | Yrd Mat Sub Rec Scr Fac Was Fac Ext Cet Arc Hub Fac Upp Upp Zhi Pro Fac Upp Upp War Pro Res Tes Res Qua Frg Maximum Alert Level 5 | . . . . . . . 2 2 1 1 2 3 . . . . . . . . . . . . 1 5 Low Security (%) 57 | 100 100 . 100 . 100 100 49 32 13 22 78 36 . . . . 100 . . . . 100 100 100 60 7 Level 1 18 | . . . . . . . 15 48 86 77 13 38 . . . . . . . . . . . . 39 19 Level 2 12 | . . . . . . . 34 18 . . 8 17 . . . . . . . . . . . . . 23 Level 3 1 | . . . . . . . . . . . . 7 . . . . . . . . . . . . . 6 Level 4 2 | . . . . . . . . . . . . . . . . . . . . . . . . . . 9 Level 5 7 | . . . . . . . . . . . . . . . . . . . . . . . . . . 33 High Security . | . . . . . . . . . . . . . . . . . . . . . . . . . . . Max Security . | . . . . . . . . . . . . . . . . . . . . . . . . . . . Peak Influence 4659 | 5 79 . 61 . 82 11 669 526 315 303 464 787 . . . . 179 . . . . 102 70 164 257 4659 Initial 322 | . . . 61 . . 11 . 322 264 72 67 210 . . . . 41 . . . . . 18 3 86 114 Average 475 | . 26 . 5 . 29 2 286 277 242 230 113 296 . . . . 35 . . . . 28 17 26 172 1663 Influence Increases 14701 | 10 315 210 134 . 440 . 1679 794 366 301 856 1054 265 230 15 210 450 35 60 330 245 297 210 320 579 5296 Destroy 0b10 Robot/C 8280 | . 180 140 60 . 280 . 940 340 160 80 280 480 220 200 . 180 200 20 60 180 220 120 80 180 260 3420 Destroy 0b10 Robot/NC 590 | 10 20 . 20 . 15 . 100 10 10 35 45 65 . . 15 . 35 5 . . 5 5 . 25 30 140 Destroy Leader 1430 | . 46 10 . . 70 . 194 54 . . 92 118 30 30 . 30 60 10 . . 20 42 10 38 70 506 Allied During Kill 679 | . . . 28 . 24 . 8 281 170 112 56 . . . . . . . . . . . . . . . Successful Hack 460 | . 24 . 26 . 4 . 57 24 2 . 30 43 . . . . 5 . . . . 55 . 20 60 110 Disable Machine 1185 | . . . . . 15 . 165 45 15 60 135 135 . . . . . . . . . . 90 15 75 435 Destroy Structure 1507 | . . . . . 17 . 110 40 9 14 188 198 . . . . 120 . . . . 60 30 42 84 595 Lose Combat Pursuer 570 | . 45 60 . . 15 . 105 . . . 30 15 15 . . . 30 . . 150 . 15 . . . 90 Influence Decreases 10073 | 10 268 129 262 . 407 33 1020 981 656 290 619 704 885 332 73 144 486 65 60 140 435 263 237 173 530 871 Entered New Map 1895 | . . 23 67 . . 22 . 337 208 110 126 220 289 31 58 . 25 12 . . 190 . 16 4 68 89 Time Decay 6821 | 10 268 86 166 . 281 11 670 434 238 180 373 434 556 301 15 134 309 53 60 140 235 263 221 169 452 762 Lost Part 472 | . . 20 . . 60 . 200 20 10 . 20 50 40 . . 10 2 . . . 10 . . . 10 20 Lost Ally 435 | . . . 29 . 66 . . 40 200 . 100 . . . . . . . . . . . . . . . Purge Threat 450 | . . . . . . . 150 150 . . . . . . . . 150 . . . . . . . . . Squads Dispatched 70 | . . . . . 5 . 13 3 . . 7 9 . . . . 9 . . . . 8 1 2 3 10 Investigation 26 | . . . . . 2 . 5 1 . . . 4 . . . . 5 . . . . 5 . . . 4 Extermination 21 | . . . . . 1 . 4 . . . 2 2 . . . . 3 . . . . . 1 1 3 4 Reinforcement 22 | . . . . . 2 . 4 2 . . 4 3 . . . . 1 . . . . 3 . 1 . 2 Assault 1 | . . . . . . . . . . . 1 . . . . . . . . . . . . . . . Garrison . | . . . . . . . . . . . . . . . . . . . . . . . . . . . Intercept . | . . . . . . . . . . . . . . . . . . . . . . . . . . . Searches Triggered . | . . . . . . . . . . . . . . . . . . . . . . . . . . . Construction Impeded 6 | . . . . . . . 2 2 . . 1 1 . . . . . . . . . . . . . . Haulers Reinforced 5 | . . . . . . . 1 . . . . 1 . . . . 1 . . . . 1 . 1 . . Active Scanning Responses . | . . . . . . . . . . . . . . . . . . . . . . . . . . . Cargo Convoy Interrupts . | . . . . . . . . . . . . . . . . . . . . . . . . . . . Stealth | -11 -10 -10 -9 -9 -6 -6 -6 -6 -6 -6 -6 -5 -5 -5 -5 -4 -4 -4 -4 -4 -3 -3 -3 -2 -2 -2 --------- Run | Yrd Mat Sub Rec Scr Fac Was Fac Ext Cet Arc Hub Fac Upp Upp Zhi Pro Fac Upp Upp War Pro Res Tes Res Qua Frg Distress Signals 26 | . . . . . 1 . 1 1 2 1 3 4 . . . . 1 . . . . 3 . 1 . 8 Communications Jammed 3 | . . . . . . . . . . . . . . . . . 1 . . . . 1 . 1 . . Distress Signals 2 | . . . . . . . . . . . . . . . . . 1 . . . . . . 1 . . Times Spotted 637 | . 17 15 3 . 22 2 68 20 10 9 23 34 15 14 . 9 15 . 3 35 11 10 5 12 19 266 Peak Tracking Total 20 | . 4 6 2 . 3 2 5 5 5 2 7 8 4 6 . 4 5 . 3 20 5 4 3 7 2 14 Tactical Retreats 25 | . 3 3 . . 1 . 5 . . . 2 1 1 . . . 1 . . 1 . 1 . . . 6 Traps | -11 -10 -10 -9 -9 -6 -6 -6 -6 -6 -6 -6 -5 -5 -5 -5 -4 -4 -4 -4 -4 -3 -3 -3 -2 -2 -2 ------- Run | Yrd Mat Sub Rec Scr Fac Was Fac Ext Cet Arc Hub Fac Upp Upp Zhi Pro Fac Upp Upp War Pro Res Tes Res Qua Frg Traps Triggered 15 | . . . . . 1 . 1 7 . . . 2 . . . . 1 . . . . . 1 . 1 1 Indirectly . | . . . . . . . . . . . . . . . . . . . . . . . . . . . Trap Hack Attempts . | . . . . . . . . . . . . . . . . . . . . . . . . . . . Triggered . | . . . . . . . . . . . . . . . . . . . . . . . . . . . Disarmed . | . . . . . . . . . . . . . . . . . . . . . . . . . . . Reprogrammed . | . . . . . . . . . . . . . . . . . . . . . . . . . . . Reused . | . . . . . . . . . . . . . . . . . . . . . . . . . . . Traps Extracted . | . . . . . . . . . . . . . . . . . . . . . . . . . . . Installed . | . . . . . . . . . . . . . . . . . . . . . . . . . . . Triggered . | . . . . . . . . . . . . . . . . . . . . . . . . . . . Machines | -11 -10 -10 -9 -9 -6 -6 -6 -6 -6 -6 -6 -5 -5 -5 -5 -4 -4 -4 -4 -4 -3 -3 -3 -2 -2 -2 ---------- Run | Yrd Mat Sub Rec Scr Fac Was Fac Ext Cet Arc Hub Fac Upp Upp Zhi Pro Fac Upp Upp War Pro Res Tes Res Qua Frg Machines Disabled 86 | . . 2 . . 1 . 11 3 1 4 9 9 . . . . . . . 1 . . 7 1 5 32 Max in Single Turn 5 | . . 1 . . 1 . 5 1 1 1 2 4 . . . . . . . 1 . . 1 1 1 3 Garrison Access 2 | . . . . . . . . . . . 1 . . . . . . . . . . . . . . 1 Network Hub 3 | . . . . . . . . . . . 3 . . . . . . . . . . . . . . . Energy Cycler 1 | . . . . . . . . 1 . . . . . . . . . . . . . . . . . . Machines Repaired . | . . . . . . . . . . . . . . . . . . . . . . . . . . . Machines Dismantled 1 | . . . . . . . . . . . . . . . . . . . . 1 . . . . . . Machines Sabotaged . | . . . . . . . . . . . . . . . . . . . . . . . . . . . Overloaded Fab Kills . | . . . . . . . . . . . . . . . . . . . . . . . . . . . Hacking | -11 -10 -10 -9 -9 -6 -6 -6 -6 -6 -6 -6 -5 -5 -5 -5 -4 -4 -4 -4 -4 -3 -3 -3 -2 -2 -2 --------- Run | Yrd Mat Sub Rec Scr Fac Was Fac Ext Cet Arc Hub Fac Upp Upp Zhi Pro Fac Upp Upp War Pro Res Tes Res Qua Frg Machines Accessed 118 | . 10 1 11 4 3 . 18 6 2 . 8 7 1 . 5 . 7 . 2 4 . 7 5 2 5 10 Terminals 60 | . 8 . 6 . 1 . 7 6 2 . 7 3 1 . . . 2 . . . . 3 3 2 3 6 Fabricators 2 | . . . . . . . 1 . . . . . . . . . 1 . . . . . . . . . Repair Stations 2 | . . . . . . . 1 . . . . . . . . . . . . . . . 1 . . . Recycling Units 26 | . 2 . 3 . 2 . 5 . . . . 4 . . . . 4 . . . . 3 . . . 3 Scanalyzers 6 | . . . . . . . 3 . . . . . . . . . . . . . . 1 1 . 1 . Garrison Access 4 | . . . . . . . 1 . . . 1 . . . . . . . . . . . . . 1 1 Total Hacks 395 | . 29 5 49 8 5 . 49 16 2 . 28 36 1 . 18 . 22 . 2 10 . 33 18 7 14 43 Successful 209 | . 14 5 35 8 3 . 27 4 1 . 15 20 1 . 18 . 11 . 2 10 . 10 7 2 3 13 Failed 183 | . 14 . 14 . 2 . 21 12 1 . 13 16 . . . . 11 . . . . 23 10 5 11 30 Catastrophic 45 | . . . . . . . 6 3 1 . 3 4 . . . . 2 . . . . 7 5 1 4 9 Database Lockouts 3 | . 1 . . . . . 1 . . . . . . . . . . . . . . . 1 . . . Manual 131 | . 9 . 10 . 3 . 15 . 1 . 10 20 . . . . 11 . . . . 16 3 4 4 25 Terminals 218 | . 25 . 18 . 2 . 18 16 2 . 27 24 1 . . . 15 . . . . 22 6 7 10 25 Fabricators 5 | . . . . . . . 2 . . . . . . . . . 3 . . . . . . . . . Repair Stations 6 | . . . . . . . 2 . . . . . . . . . . . . . . . 4 . . . Recycling Units 59 | . 4 . 7 . 3 . 8 . . . . 12 . . . . 4 . . . . 6 . . . 15 Scanalyzers 32 | . . . . . . . 17 . . . . . . . . . . . . . . 5 8 . 2 . Garrison Access 8 | . . . . . . . 2 . . . 1 . . . . . . . . . . . . . 2 3 Terminal Hacks 143 | . 10 5 31 8 1 . 5 4 1 . 14 13 1 . 18 . 4 . 2 10 . 6 . 1 2 7 Record 53 | . . 5 24 7 . . . . 1 . . . 1 . 6 . . . . 9 . . . . . . Part Schematic 10 | . . . 3 . . . . . . . 1 1 . . 4 . . . . . . 1 . . . . Robot Analysis 9 | . 2 . 2 . . . . . . . 1 . . . 4 . . . . . . . . . . . Prototype ID Bank 15 | . 3 . . . . . 1 . . . 1 2 . . 4 . 1 . . . . . . . 1 2 Open Door 6 | . . . . . 1 . . 1 . . . . . . . . . . 2 1 . . . 1 . . Level Access Points 1 | . . . . . . . . . . . 1 . . . . . . . . . . . . . . . Branch Access Points 4 | . . . . . . . 1 . . . . 1 . . . . 1 . . . . 1 . . . . Emergency Access Points 1 | . . . . . . . . . . . 1 . . . . . . . . . . . . . . . Terminal Index 3 | . . . . . . . 1 . . . . 1 . . . . . . . . . 1 . . . . Recycling Unit Index 3 | . . . . . . . . . . . . 1 . . . . . . . . . 1 . . . 1 Alert Level 1 | . . . . . . . . . . . . 1 . . . . . . . . . . . . . . Unreport Threat 3 | . . . . . . . 1 1 . . . . . . . . 1 . . . . . . . . . Locate Traps 14 | . 3 . . . . . 1 2 . . 2 2 . . . . . . . . . 2 . . 1 1 Patrol Status 1 | . . . . . . . . . . . 1 . . . . . . . . . . . . . . . Recall Investigation 1 | . . . . . . . . . . . 1 . . . . . . . . . . . . . . . Recall Extermination 2 | . . . . . . . . . . . 1 1 . . . . . . . . . . . . . . Recall Reinforcements 1 | . . . . . . . . . . . . 1 . . . . . . . . . . . . . . Hauler Manifests 1 | . . . . . . . . . . . 1 . . . . . . . . . . . . . . . Registered Components 3 | . 1 . . . . . . . . . 1 . . . . . . . . . . . . . . 1 Registered Prototypes 2 | . . . . . . . . . . . 1 1 . . . . . . . . . . . . . . Zone Layout 7 | . 1 . 2 . . . . . . . 1 1 . . . . 1 . . . . . . . . 1 Proto ID Catalog 2 | . . . . 1 . . . . . . . . . . . . . . . . . . . . . 1 Fabricator Hacks 3 | . . . . . . . 1 . . . . . . . . . 2 . . . . . . . . . Load Schematic 2 | . . . . . . . 1 . . . . . . . . . 1 . . . . . . . . . Build 1 | . . . . . . . . . . . . . . . . . 1 . . . . . . . . . Repair Station Hacks 4 | . . . . . . . 2 . . . . . . . . . . . . . . . 2 . . . Scan Component 2 | . . . . . . . 1 . . . . . . . . . . . . . . . 1 . . . Repair 2 | . . . . . . . 1 . . . . . . . . . . . . . . . 1 . . . Recycling Unit Hacks 6 | . 2 . 2 . . . . . . . . 1 . . . . . . . . . . . . . 1 Retrieve Matter 1 | . . . . . . . . . . . . 1 . . . . . . . . . . . . . . Retrieve Components 5 | . 2 . 2 . . . . . . . . . . . . . . . . . . . . . . 1 Scanalyzer 18 | . . . . . . . 12 . . . . . . . . . . . . . . 1 5 . . . Insert Component 7 | . . . . . . . 5 . . . . . . . . . . . . . . . 2 . . . Analyze 5 | . . . . . . . 4 . . . . . . . . . . . . . . . 1 . . . Retrieve Study 6 | . . . . . . . 3 . . . . . . . . . . . . . . 1 2 . . . Garrison Access Hacks 2 | . . . . . . . . . . . 1 . . . . . . . . . . . . . . 1 Seal Access 2 | . . . . . . . . . . . 1 . . . . . . . . . . . . . . 1 Unauthorized Hacks 33 | . 2 . 2 . 2 . 7 . . . . 6 . . . . 5 . . . . 3 . 1 1 4 Terminals 15 | . 2 . 2 . . . 2 . . . . 2 . . . . 1 . . . . 1 . 1 1 3 Botnet 13 | . 2 . 2 . . . 2 . . . . 1 . . . . 1 . . . . 1 . 1 1 2 Operators 2 | . . . . . . . . . . . . 1 . . . . . . . . . . . . . 1 Fabricators . | . . . . . . . . . . . . . . . . . . . . . . . . . . . Repair Stations . | . . . . . . . . . . . . . . . . . . . . . . . . . . . Recycling Units 18 | . . . . . 2 . 5 . . . . 4 . . . . 4 . . . . 2 . . . 1 Fedlink 18 | . . . . . 2 . 5 . . . . 4 . . . . 4 . . . . 2 . . . 1 Scanalyzers . | . . . . . . . . . . . . . . . . . . . . . . . . . . . Garrison Access . | . . . . . . . . . . . . . . . . . . . . . . . . . . . Data Cores Recovered 3 | . . . . . 1 . . . . . 1 . . . . . . . . . . . . . 1 . Used . | . . . . . . . . . . . . . . . . . . . . . . . . . . . Hacking Detections 80 | . 10 . 7 . 1 . 14 6 3 . 7 3 . . . . 3 . . . . 6 5 1 5 9 Full Trace Events 5 | . . . . . . . . 1 . . . . . . . . 1 . . . . 2 . . . 1 Feedback Events . | . . . . . . . . . . . . . . . . . . . . . . . . . . . Feedback Blocked . | . . . . . . . . . . . . . . . . . . . . . . . . . . . Robot Schematics Acquired 2 | . . . . . . . . . . . . . . . . . . . . . . . . . . 2 Robots Built . | . . . . . . . . . . . . . . . . . . . . . . . . . . . Authchips . | . . . . . . . . . . . . . . . . . . . . . . . . . . . Time . | . . . . . . . . . . . . . . . . . . . . . . . . . . . Total Robot Build Rating . | . . . . . . . . . . . . . . . . . . . . . . . . . . . Part Schematics Acquired 23 | . . . 3 . . . 3 . . . 1 1 . . 4 . . . . . . 1 . . . 10 Parts Built 1 | . . . . . . . . . . . . . . . . . 1 . . . . . . . . . Authchips . | . . . . . . . . . . . . . . . . . . . . . . . . . . . Time 25 | . . . . . . . . . . . . . . . . . 25 . . . . . . . . . Total Part Build Rating 1 | . . . . . . . . . . . . . . . . . 1 . . . . . . . . . Part Studies Acquired 6 | . . . . . . . 3 . . . . . . . . . . . . . . 1 2 . . . Parts Repaired 2 | . . . . . . . 1 . . . . . . . . . . . . . . . 1 . . . Time 128 | . . . . . . . 100 . . . . . . . . . . . . . . . 28 . . . Parts Recycled . | . . . . . . . . . . . . . . . . . . . . . . . . . . . Recycled Matter . | . . . . . . . . . . . . . . . . . . . . . . . . . . . Retrieved Matter . | . . . . . . . . . . . . . . . . . . . . . . . . . . . Retrieved Components 13 | . 7 . 6 . . . . . . . . . . . . . . . . . . . . . . . Parts Scanalyzed 5 | . . . . . . . 4 . . . . . . . . . . . . . . . 1 . . . Part Schematics Acquired 3 | . . . . . . . 3 . . . . . . . . . . . . . . . . . . . Parts Damaged 3 | . . . . . . . 3 . . . . . . . . . . . . . . . . . . . Bothacking | -11 -10 -10 -9 -9 -6 -6 -6 -6 -6 -6 -6 -5 -5 -5 -5 -4 -4 -4 -4 -4 -3 -3 -3 -2 -2 -2 ------------ Run | Yrd Mat Sub Rec Scr Fac Was Fac Ext Cet Arc Hub Fac Upp Upp Zhi Pro Fac Upp Upp War Pro Res Tes Res Qua Frg Used RIF Installer . | . . . . . . . . . . . . . . . . . . . . . . . . . . . Robots Hacked 11 | . . . . 2 . . . . . 1 . . . . 3 . . . 1 4 . . . . . . Non-combat . | . . . . . . . . . . . . . . . . . . . . . . . . . . . Combat 11 | . . . . 2 . . . . . 1 . . . . 3 . . . 1 4 . . . . . . Robot Hacks Applied 11 | . . . . 2 . . . . . 1 . . . . 3 . . . 1 4 . . . . . . parse_system 11 | . . . . 2 . . . . . 1 . . . . 3 . . . 1 4 . . . . . . Relay Couplers Released 4 | . . . . . . . . . . . 1 . . . . . . . . . . . . . 3 . Machine Destruction 1 | . . . . . . . . . . . 1 . . . . . . . . . . . . . . . Programmers 3 | . . . . . . . . . . . . . . . . . . . . . . . . . 3 . Fabnet Peak Effective % . | . . . . . . . . . . . . . . . . . . . . . . . . . . . Robots Rewired 25 | . . . 11 . . . . 14 . . . . . . . . . . . . . . . . . . Allies Hacked . | . . . . . . . . . . . . . . . . . . . . . . . . . . . Hacks Repelled . | . . . . . . . . . . . . . . . . . . . . . . . . . . . Allies | -11 -10 -10 -9 -9 -6 -6 -6 -6 -6 -6 -6 -5 -5 -5 -5 -4 -4 -4 -4 -4 -3 -3 -3 -2 -2 -2 -------- Run | Yrd Mat Sub Rec Scr Fac Was Fac Ext Cet Arc Hub Fac Upp Upp Zhi Pro Fac Upp Upp War Pro Res Tes Res Qua Frg Total Allies 36 | . . . 11 . . . 1 19 5 . . . . . . . . . . . . . . . . . Largest Group 19 | . . . 11 9 9 . 1 19 16 8 5 . . . . . . . . . . . . . . . Highest-Rated Group 919 | . . . 157 139 139 . 49 684 919 628 347 . . . . . . . . . . . . . . . Highest-Rated Ally 159 | . . . 27 27 27 . 49 159 159 159 96 . . . . . . . . . . . . . . . Total Orders 1 | . . . . . . . . . . . 1 . . . . . . . . . . . . . . . STAY 1 | . . . . . . . . . . . 1 . . . . . . . . . . . . . . . Ally Attacks 241 | . . . 24 . 34 . 3 63 60 28 29 . . . . . . . . . . . . . . . Total Damage 5686 | . . . 226 . 622 . 81 1319 1412 884 1142 . . . . . . . . . . . . . . . Kills 39 | . . . 4 . 5 . 1 12 7 5 5 . . . . . . . . . . . . . . . Allies Corrupted 2 | . . . . . . . . . . . 2 . . . . . . . . . . . . . . . Allies Melted 2 | . . . . . . . . . . 1 . . . . . . . . . . . . . . . 1 Intel | -11 -10 -10 -9 -9 -6 -6 -6 -6 -6 -6 -6 -5 -5 -5 -5 -4 -4 -4 -4 -4 -3 -3 -3 -2 -2 -2 ------- Run | Yrd Mat Sub Rec Scr Fac Was Fac Ext Cet Arc Hub Fac Upp Upp Zhi Pro Fac Upp Upp War Pro Res Tes Res Qua Frg Active Infowar (turns) 24860 | 47 186 . . . 632 60 2705 1065 517 369 895 877 1501 1518 617 1458 1261 1134 1266 453 1575 818 701 526 876 3803 Optics 2028 | . . . . . . . . . . . . . . . . . . . . . . . . . . 2028 Sensors 19673 | . . . . . 632 60 2065 1002 138 243 735 830 1436 1418 . 1413 1203 1134 1265 453 1573 639 695 494 810 1435 IFF 509 | . . . . . . . 509 . . . . . . . . . . . . . . . . . . . Terrain 15025 | . . . . . . . 354 . . 67 661 871 993 1518 617 1347 405 1130 1264 452 1571 634 669 494 876 1102 Structural 1256 | . . . . . . . 1256 . . . . . . . . . . . . . . . . . . . Seismic 233 | 47 186 . . . . . . . . . . . . . . . . . . . . . . . . . Machine Analysis 5514 | . . . . . . . 2705 1065 517 369 858 . . . . . . . . . . . . . . . Jamming 2721 | . . . . . . . . . . . . . . . . . 532 6 . . . 817 101 526 739 . ECM 2 | . . . . . . . . . . . . . . . . . . . . . . . . . . 2 Robot Analysis Total 9 | . 2 . 2 . . . . . . . 1 . . . 4 . . . . . . . . . . . Derelict Logs Recovered 14 | . . 1 . 5 . . . . . . . . 2 2 . 2 . 1 1 . . . . . . . Drone Launches . | . . . . . . . . . . . . . . . . . . . . . . . . . . . Drone Recoveries . | . . . . . . . . . . . . . . . . . . . . . . . . . . . Exploration | -11 -10 -10 -9 -9 -6 -6 -6 -6 -6 -6 -6 -5 -5 -5 -5 -4 -4 -4 -4 -4 -3 -3 -3 -2 -2 -2 ------------- Run | Yrd Mat Sub Rec Scr Fac Was Fac Ext Cet Arc Hub Fac Upp Upp Zhi Pro Fac Upp Upp War Pro Res Tes Res Qua Frg Turns Passed 36314 | 118 1018 2177 1505 4008 780 96 2781 1065 517 369 1102 1079 1626 1518 889 1502 1301 1134 1294 1357 1652 818 731 526 1131 4220 Spaces Moved 15932 | 59 538 1228 563 1656 358 75 980 364 175 58 371 383 802 578 284 590 503 634 799 640 828 415 363 220 568 1900 Core 8 | 8 . . . . . . . . . . . . . . . . . . . . . . . . . . Treads 14010 | 51 538 1228 563 1656 . . 336 338 175 58 371 383 802 578 284 590 44 282 799 640 828 415 363 220 568 1900 Legs . | . . . . . . . . . . . . . . . . . . . . . . . . . . . Wheels 1914 | . . . . . 358 75 644 26 . . . . . . . . 459 352 . . . . . . . . Hover . | . . . . . . . . . . . . . . . . . . . . . . . . . . . Flight . | . . . . . . . . . . . . . . . . . . . . . . . . . . . Fastest Speed 50 | 50 160 160 160 240 135 120 120 165 200 240 240 160 160 240 240 240 155 156 156 156 155 155 155 155 155 160 Average Speed 186 | 151 160 160 237 240 166 129 196 201 237 240 240 160 180 240 240 240 184 172 156 157 163 155 156 155 158 160 Slowest Speed 290 | 160 160 160 240 240 195 135 240 240 240 240 240 160 240 240 240 240 290 185 156 165 165 212 212 155 160 240 Overloaded Moves . | . . . . . . . . . . . . . . . . . . . . . . . . . . . Propulsion Burnouts . | . . . . . . . . . . . . . . . . . . . . . . . . . . . Robots Hopped . | . . . . . . . . . . . . . . . . . . . . . . . . . . . Potential Cave-ins 19 | . . . . . . . 2 8 . . 2 5 . . . . 2 . . . . . . . . . Cave-ins Triggered 1 | . . . . . . . . . . . 1 . . . . . . . . . . . . . . . Teleports 1 | . . . . . . . . . . . . . . . . . . . . . . . . . . 1 Exploration Rate (%) 60 | 5 99 82 98 94 14 67 37 62 77 70 52 13 91 76 60 72 16 83 92 83 88 22 47 7 69 58 Regions Visited 26 Branch Regions 18 Pre-discovered Areas 7 | . . 1 . 1 1 . . . . . . . . . 3 . . . 1 . . . . . . . Known Exits Taken 18 | . . . . . . . 1 1 1 1 1 1 1 1 1 1 1 1 1 1 1 1 1 1 . . Unknown Exits Taken 6 | 1 1 1 1 1 . . . . . . . . . . . . . . . . . . . . 1 . Scrap Searched 23 | . . . . 8 . . . . . . . . 3 2 . 1 . 3 3 . 3 . . . . . Spaces Dug 339 | . . . . . 30 . 48 28 . . 21 24 4 42 . . 36 . 4 5 . 20 17 12 12 36 Terrain Destroyed 1529 | . . . . . 31 . 131 41 1 11 375 107 87 82 . 120 66 10 22 11 14 27 20 16 29 328 Melee . | . . . . . . . . . . . . . . . . . . . . . . . . . . . Projectile 526 | . . . . . 1 . 79 41 1 11 44 77 29 4 . 13 66 10 5 11 14 27 20 16 23 34 AOE 1003 | . . . . . 30 . 52 . . . 331 30 58 78 . 107 . . 17 . . . . . 6 294 Terrain Rammed . | . . . . . . . . . . . . . . . . . . . . . . . . . . . Walls Destroyed . | . . . . . . . . . . . . . . . . . . . . . . . . . . . Machines Disabled . | . . . . . . . . . . . . . . . . . . . . . . . . . . . Actions | -11 -10 -10 -9 -9 -6 -6 -6 -6 -6 -6 -6 -5 -5 -5 -5 -4 -4 -4 -4 -4 -3 -3 -3 -2 -2 -2 --------- Run | Yrd Mat Sub Rec Scr Fac Was Fac Ext Cet Arc Hub Fac Upp Upp Zhi Pro Fac Upp Upp War Pro Res Tes Res Qua Frg Total 20710 | 78 649 1354 722 1698 465 74 1434 595 249 245 487 680 881 683 379 633 757 664 825 881 1081 531 517 405 792 2951 Wait 1766 | 2 55 38 43 5 29 . 107 44 22 157 34 154 . 64 . 2 131 1 . 127 196 33 61 114 31 316 Move 15906 | 58 537 1227 562 1655 358 74 979 363 174 57 369 382 801 577 283 589 502 633 798 639 827 414 362 219 567 1900 Hop . | . . . . . . . . . . . . . . . . . . . . . . . . . . . Pick Up 311 | 7 15 17 9 16 15 . 40 10 10 2 5 11 8 7 5 5 17 4 1 12 7 11 8 6 17 46 Fast Attach 140 | 7 . 1 . 1 4 . 22 4 4 2 2 6 4 1 9 1 6 6 4 2 5 4 10 . 13 22 Attach 79 | . . 4 . . 10 . 17 2 1 . 1 5 4 . 2 2 . . . . 1 4 3 2 3 18 Detach 13 | . . . . . . . . . 1 . . 1 . . . . . . . 1 . . 2 . 5 3 Swap 362 | . 6 3 5 1 5 . 32 13 7 6 19 29 13 17 4 14 21 3 8 21 15 10 12 4 28 66 Drop 335 | . 9 13 7 18 5 . 28 11 15 2 7 7 2 7 13 4 15 11 5 18 12 13 17 4 32 60 Fire 1580 | 4 27 51 6 . 39 . 209 67 15 19 49 85 49 10 62 16 65 6 9 53 18 42 42 56 94 487 Melee 7 | . . . . 2 . . . . . . . . . . . . . . . . . . . . 2 3 Ram . | . . . . . . . . . . . . . . . . . . . . . . . . . . . Kick . | . . . . . . . . . . . . . . . . . . . . . . . . . . . Crush . | . . . . . . . . . . . . . . . . . . . . . . . . . . . Escape Stasis 11 | . . . . . . . . 10 . . 1 . . . . . . . . . . . . . . . Rewire 162 | . . . 90 . . . . 71 . . . . . . 1 . . . . . . . . . . . Trap . | . . . . . . . . . . . . . . . . . . . . . . . . . . . Miscellaneous 38 | . . . . . . . . . . . . . . . . . . . . 8 . . . . . 30 Route ------- -11/Scrapyard -10/Materials (discovered 6 exits: [*Mat x3] / [*Min x2] / *Sub) -10/Subcaves (discovered 2 exits: [*Mat] / *Rec) -9/Recycling (discovered 2 exits: [*Fac] / *Scr) -9/Scraptown (discovered 2 exits: *Fac x2) -6/Factory (discovered 6 exits: *Fac x3 / Low x2 / *Ext) -6/Waste -6/Factory (discovered 5 exits: *Fac / *Low x2 / *Ext x2) -6/Extension (discovered 2 exits: *Fac / *Cet) -6/Cetus (discovered 2 exits: *Fac / *Arc) -6/Archives -6/Hub_04(d) (discovered 4 exits: *Fac x4) -5/Factory (discovered 2 exits: *Upp x2) -5/Upper Caves -5/Upper Caves (discovered 2 exits: *Fac / *Zhi) -5/Zhirov -4/Proximity Caves -4/Factory (discovered 3 exits: *Upp x2 / Arm) -4/Upper Caves -4/Upper Caves (discovered 2 exits: *Res / *War) -4/Warlord -3/Proximity Caves -3/Research (discovered 4 exits: *Res x2 / *Tes x2) -3/Testing -2/Research -2/Quarantine (discovered 3 exits: *Acc / [*Sec] / *Frg) -2/Protoforge 0bPrime History --------- Turn | Location | Event 12 | -11/Scrapyard | Discovered new exit (range 15) 119 | -11/Scrapyard | Entered Materials 303 | -10/Materials | Build established: Mutant 336 | -10/Materials | Discovered new exit (range 16) 569 | -10/Materials | Central database locked down 609 | -10/Materials | Discovered new exit (range 14) 803 | -10/Materials | Discovered new exit (range 9) 945 | -10/Materials | Discovered new exit (range 5) 1000 | -10/Materials | Discovered new exit (range 8) 1124 | -10/Materials | Discovered new exit (range 10) 1137 | -10/Materials | Entered Subcaves 1138 | -10/Subcaves | Approached by a straggling Scientist 1144 | -10/Subcaves | Ambushed by Subdwellers from Twisted Machinery 1577 | -10/Subcaves | Lost 3 parts (1n1u1w) 1779 | -10/Subcaves | Discovered new exit (range 8) 1797 | -10/Subcaves | Visited Clippyterm 1801 | -10/Subcaves | Learned 40 Factory zone layouts 1801 | -10/Subcaves | Learned Research machine intel 2093 | -10/Subcaves | A swath of the cavern ceiling suddenly collapsed 2136 | -10/Subcaves | Core integrity fell below 50% 2645 | -10/Subcaves | Shifting Twisted Machinery released Barrage Gun 2649 | -10/Subcaves | Shifting Twisted Machinery released Battle Rifle 2749 | -10/Subcaves | Shifting Twisted Machinery released Sub. Monowheel 2848 | -10/Subcaves | Discovered new exit (range 15) 2893 | -10/Subcaves | Shifting Twisted Machinery released Sub. Monowheel 3314 | -10/Subcaves | Entered Recycling 3676 | -9/Recycling | Build established: Commander-Mutant 3943 | -9/Recycling | Discovered new exit (range 3) 4735 | -9/Recycling | Scanned before Scraplab entrance 4768 | -9/Recycling | Entered Scraplab 4812 | -9/Recycling | Discovered new exit (range 3) 4819 | -9/Recycling | Entered Scraptown 4819 | -9/Scraptown | Accompanied by 9 allies 5589 | -9/Scraptown | Scanned Subdweller tech in exchange for log data 5599 | -9/Scraptown | Learned Factory terminal intel 5601 | -9/Scraptown | Learned location of Warlord (-4) 5604 | -9/Scraptown | Learned location of 1 exit from Factory 5654 | -9/Scraptown | Discovered new exit (range 5) 6045 | -9/Scraptown | Visited Bundlers 6210 | -9/Scraptown | Visited Fellowship of the Rings 6282 | -9/Scraptown | Visited Comm Corps 6385 | -9/Scraptown | Visited Spacefarers 6510 | -9/Scraptown | Visited Awakened 6585 | -9/Scraptown | Visited CPS Storage 7018 | -9/Scraptown | Visited Observation Area 7114 | -9/Scraptown | Visited UFD Registry 7114 | -9/Scraptown | Registered with UFD as "Shortlever" 7182 | -9/Scraptown | Visited A0-MCA Data Center 7196 | -9/Scraptown | Given a B- rating by A0-MCA 7199 | -9/Scraptown | Found A0-MCA's Component Scanner 7274 | -9/Scraptown | Visited Science Guys 7365 | -9/Scraptown | Visited Scrapoid Research Area 7852 | -9/Scraptown | Visited Botcube Research 7872 | -9/Scraptown | Found Lrg. Botcube 7914 | -9/Scraptown | Visited Scrapoid Pod Storage 7993 | -9/Scraptown | Visited Derelict Rescue Squad 8044 | -9/Scraptown | Visited Infowarlord's Domain 8061 | -9/Scraptown | Found Exp. Terrain Scanner 8139 | -9/Scraptown | Discovered new exit (range 5) 8324 | -9/Scraptown | Visited Abandonware Association 8362 | -9/Scraptown | Learned abandonware demo "SHUTEYE.EXE" 8362 | -9/Scraptown | Learned abandonware demo "ERRANTS.EXE" 8470 | -9/Scraptown | Visited Scrap Suit Storage 8674 | -9/Scraptown | Met Optimus 8674 | -9/Scraptown | Accepted into 0bPrime 8827 | -9/Scraptown | Entered Factory 8827 | -6/Factory | Accompanied by 9 allies 8827 | -6/Factory | Evolved 8 slots: Power x1, Utility x6, Weapon x1 8828 | -6/Factory | Identified exit to Lower Caves 8828 | -6/Factory | Identified exit to Extension 8829 | -6/Factory | Identified exit to Factory 8831 | -6/Factory | Loaded intel: 28 terminal locations 8969 | -6/Factory | Lost 3 allies 9049 | -6/Factory | Loaded intel: 8 recycling unit locations 9129 | -6/Factory | Build established: Commander-Tank 9392 | -6/Factory | Spotted B-75 Beast 9422 | -6/Factory | Learned location of Protoforge (-2) 9607 | -6/Factory | Sucked down chute 9607 | -6/Factory | Entered Waste 9618 | -6/Waste | Spotted C-40 Crusher 9622 | -6/Waste | EMP discharged 9637 | -6/Waste | Spotted C-40 Crusher 9637 | -6/Waste | Spotted C-40 Crusher 9667 | -6/Waste | Crushed by Compactor (1 part destroyed, 2 dropped) 9683 | -6/Waste | Spotted C-40 Crusher 9686 | -6/Waste | Discovered new exit (range 13) 9703 | -6/Waste | Entered Factory 9852 | -6/Factory | Lost 4 parts (1n3u) 9989 | -6/Factory | Build established: Scavenger-Tank 10194 | -6/Factory | Discovered exit to Lower Caves (range 5) 10301 | -6/Factory | Loaded intel: 8 recycling unit locations 10399 | -6/Factory | Lost 5 parts (1n2u2w) 10655 | -6/Factory | Build established: Scavenger-Skirmisher 11577 | -6/Factory | Lrg. Botcube activated 11822 | -6/Factory | Discovered exit to Factory (range 8) 11988 | -6/Factory | Central database locked down 12130 | -6/Factory | Repaired Broken Com. Ion Cannon? 12473 | -6/Factory | Spotted B-75 Beast 12484 | -6/Factory | Entered Extension 12574 | -6/Extension | Rescued A7 12630 | -6/Extension | Core integrity fell below 50% 12798 | -6/Extension | Rescued a captive Derelict 12800 | -6/Extension | Rescued a captive Derelict 13245 | -6/Extension | Rescued a captive Derelict 13246 | -6/Extension | Rescued a captive Derelict 13277 | -6/Extension | Rescued a captive Derelict 13318 | -6/Extension | Energy Cycler disabled 13362 | -6/Extension | Build established: Commander-Skirmisher 13382 | -6/Extension | Lost 5 allies 13488 | -6/Extension | Discovered exit to Factory (range 10) 13490 | -6/Extension | Discovered new exit (range 6) 13507 | -6/Extension | Identified exit to Cetus 13549 | -6/Extension | Entered Cetus 13549 | -6/Cetus | Accompanied by 15 allies (A7) 13554 | -6/Cetus | Acquired a Cetus Manufacturing Module code from A7 13576 | -6/Cetus | Spotted Cetus Guard 13576 | -6/Cetus | Spotted Cetus Guard 13579 | -6/Cetus | Spotted Cetus Guard 13582 | -6/Cetus | Destroyed Cetus Guard 13584 | -6/Cetus | Spotted Cetus Guard 13587 | -6/Cetus | Allies destroyed Cetus Guard 13595 | -6/Cetus | Destroyed Cetus Guard 13600 | -6/Cetus | Allies destroyed Cetus Guard 13623 | -6/Cetus | Lost 4 allies 13755 | -6/Cetus | Started Cetus Manufacturing Module 13775 | -6/Cetus | Escorted A7 to Cetus Mainframe 13780 | -6/Cetus | Manufactured an Enhanced Grunt 13803 | -6/Cetus | Discovered new exit (range 16) 13805 | -6/Cetus | Manufactured an Enhanced Grunt 13830 | -6/Cetus | Manufactured an Enhanced Grunt 13855 | -6/Cetus | Manufactured an Enhanced Grunt 13871 | -6/Cetus | Spotted Cetus Guard 13871 | -6/Cetus | Spotted Cetus Guard 13876 | -6/Cetus | Destroyed Cetus Guard 13879 | -6/Cetus | Spotted Cetus Guard 13880 | -6/Cetus | Manufactured an Enhanced Grunt 13881 | -6/Cetus | Spotted Cetus Guard 13894 | -6/Cetus | Destroyed Cetus Guard 13901 | -6/Cetus | Allies destroyed Cetus Guard 13902 | -6/Cetus | Allies destroyed Cetus Guard 13910 | -6/Cetus | Discovered exit to Factory (range 15) 13922 | -6/Cetus | Met Revision 17 13928 | -6/Cetus | Lost 8 allies 14052 | -6/Cetus | Identified exit to Archives 14066 | -6/Cetus | Entered Archives 14066 | -6/Archives | Accompanied by 8 allies (A7) 14071 | -6/Archives | Received a hacking code to weaken MAIN.C 14214 | -6/Archives | Build established: Scavenger-Tank 14406 | -6/Archives | Discovered new exit (range 13) 14432 | -6/Archives | Identified exit to Hub_04(d) 14435 | -6/Archives | Entered Hub_04(d) 14435 | -6/Hub_04(d) | Accompanied by 5 allies 14669 | -6/Hub_04(d) | Build established: Scavenger-Skirmisher 14818 | -6/Hub_04(d) | Lost 3 allies 15168 | -6/Hub_04(d) | Network Hub disabled 15266 | -6/Hub_04(d) | Network Hub disabled 15284 | -6/Hub_04(d) | Spotted Lightning 15287 | -6/Hub_04(d) | Spotted Lightning 15299 | -6/Hub_04(d) | Destroyed Lightning 15312 | -6/Hub_04(d) | Spotted Lightning 15316 | -6/Hub_04(d) | System corruption reached 10% 15328 | -6/Hub_04(d) | Destroyed Lightning 15338 | -6/Hub_04(d) | Destroyed Lightning 15373 | -6/Hub_04(d) | Found Prototype Device 15384 | -6/Hub_04(d) | Identified Exp. Phase Shifter 15407 | -6/Hub_04(d) | Found Prototype Device 15407 | -6/Hub_04(d) | Identified Exp. EM Shield 15417 | -6/Hub_04(d) | Found Prototype Energy Cannon 15437 | -6/Hub_04(d) | Build established: Scavenger-Tank 15448 | -6/Hub_04(d) | Network Hub disabled 15464 | -6/Hub_04(d) | Disrupted transfer network 15478 | -6/Hub_04(d) | Crushed by falling debris 15479 | -6/Hub_04(d) | Core integrity fell below 20% 15485 | -6/Hub_04(d) | First assault squad dispatched 15537 | -6/Hub_04(d) | Entered Factory 15537 | -5/Factory | Evolved 2 slots: Propulsion x2 15550 | -5/Factory | Identified exit to Upper Caves 15830 | -5/Factory | Build established: Scavenger-Skirmisher 15863 | -5/Factory | Identified EMDS 16020 | -5/Factory | Loaded intel: 8 recycling unit locations 16387 | -5/Factory | Destroyed 12 combat bots 16616 | -5/Factory | Entered Upper Caves 16618 | -5/Upper Caves | Attracted the attention of an 0b10 checkpoint 16705 | -5/Upper Caves | Build established: Scavenger-Tank 16802 | -5/Upper Caves | Learned Factory garrison access intel 17521 | -5/Upper Caves | Identified exit to Upper Caves 17546 | -5/Upper Caves | Build established: Scavenger-Skirmisher 17677 | -5/Upper Caves | Ambushed by wild Derelicts 18242 | -5/Upper Caves | Entered another Upper Caves area 18424 | -5/Upper Caves | Discovered new exit (range 10) 18540 | -5/Upper Caves | Build established: Scavenger-Tank 18599 | -5/Upper Caves | Learned 4 Factory zone layouts 18992 | -5/Upper Caves | Learned Factory interactive machine intel 19615 | -5/Upper Caves | Discovered new exit (range 15) 19757 | -5/Upper Caves | Attracted the attention of an 0b10 checkpoint 19758 | -5/Upper Caves | Identified exit to Zhirov 19760 | -5/Upper Caves | Entered Zhirov 19762 | -5/Zhirov | Discovered new exit (range 3) 19805 | -5/Zhirov | Met Zhirov 19858 | -5/Zhirov | Learned location of Quarantine (-2) 19858 | -5/Zhirov | Learned location of Testing (-3) 19858 | -5/Zhirov | Learned location of Command (-1) 19872 | -5/Zhirov | Zhirov requested help retrieving the SGEMP Prototype 19916 | -5/Zhirov | Found Alien Artifact 19916 | -5/Zhirov | Identified Integrated Reactor 19916 | -5/Zhirov | Installed Integrated Reactor, increased core energy generation (+10) 20027 | -5/Zhirov | Found Alien Artifact 20057 | -5/Zhirov | Build established: Scavenger-Mutant 20388 | -5/Zhirov | Identified exit to Proximity Caves 20649 | -5/Zhirov | Entered Proximity Caves 20919 | -4/Proximity Caves | Build established: Scavenger-Tank 21054 | -4/Proximity Caves | Learned 8 Research zone layouts 21226 | -4/Proximity Caves | Learned Research security intel 21302 | -4/Proximity Caves | Encountered a Derelict sapper outpost 21941 | -4/Proximity Caves | Discovered new exit (range 30) 22098 | -4/Proximity Caves | Identified exit to Factory 22151 | -4/Proximity Caves | Entered Factory 22151 | -4/Factory | Evolved 2 slots: Propulsion x2 22153 | -4/Factory | Loaded intel: 53 interactive machine locations 22154 | -4/Factory | Loaded intel: 3 garrison access locations 22184 | -4/Factory | Identified exit to Upper Caves 22184 | -4/Factory | Identified exit to Armory 22348 | -4/Factory | Fabricated Huge Storage Unit? 22359 | -4/Factory | Found Quantum Capacitor 22415 | -4/Factory | Loaded intel: 8 recycling unit locations 23452 | -4/Factory | Entered Upper Caves 23780 | -4/Upper Caves | Identified exit to Upper Caves 24123 | -4/Upper Caves | Found DCF Scrap (12 items) 24423 | -4/Upper Caves | Build established: Derelict-Tank 24586 | -4/Upper Caves | Entered another Upper Caves area 24587 | -4/Upper Caves | Encountered a Warlord checkpoint 24639 | -4/Upper Caves | Discovered new exit (range 6) 24787 | -4/Upper Caves | Attracted the attention of an 0b10 checkpoint 25276 | -4/Upper Caves | Learned location of Armory (-4) 25810 | -4/Upper Caves | Discovered new exit (range 11) 25878 | -4/Upper Caves | Identified exit to Warlord 25880 | -4/Upper Caves | Entered Warlord 25955 | -4/Warlord | System corruption cleaned by Quarantine Array 26050 | -4/Warlord | Learned Armory emergency access door positions 26050 | -4/Warlord | Learned Armory stockpile data 26053 | -4/Warlord | Learned Quarantine security intel 26053 | -4/Warlord | Learned Factory garrison access intel 26053 | -4/Warlord | Learned Armory repair station intel 26053 | -4/Warlord | Learned Research terminal intel 26053 | -4/Warlord | Learned 4 Research zone layouts 26053 | -4/Warlord | Learned 4 Testing zone layouts 26280 | -4/Warlord | Warlord's base attacked by MAIN.C 26338 | -4/Warlord | Found Prototype Reactor 26338 | -4/Warlord | Identified Vortex Chain Reactor 26345 | -4/Warlord | Found Prototype Processor 26353 | -4/Warlord | Found Prototype Device 26522 | -4/Warlord | Found Prototype Energy Cannon 26525 | -4/Warlord | Found Prototype Energy Cannon 26527 | -4/Warlord | Identified Vortex Cannon (x2) 26547 | -4/Warlord | Identified Exp. Targeting Computer 26566 | -4/Warlord | Identified Thermal Barrier 26614 | -4/Warlord | Rebuked by Warlord 26630 | -4/Warlord | Warlord forces counterattacked 26715 | -4/Warlord | Spotted B-86 Titan 26716 | -4/Warlord | Spotted Striker 26734 | -4/Warlord | Destroyed B-86 Titan 26739 | -4/Warlord | Destroyed Striker 26767 | -4/Warlord | Spotted B-90 Cyclops 26772 | -4/Warlord | Destroyed B-90 Cyclops 26805 | -4/Warlord | Spotted Striker 26820 | -4/Warlord | Spotted Executioner 26829 | -4/Warlord | Destroyed Executioner 26832 | -4/Warlord | Spotted Executioner 26858 | -4/Warlord | Lost 19 allies 26869 | -4/Warlord | Found Hvy. Autocannon 26955 | -4/Warlord | Warlord base infiltrated, sounded retreat 27041 | -4/Warlord | Build established: Scavenger-Tank 27197 | -4/Warlord | Spotted Striker 27214 | -4/Warlord | Discovered new exit (range 14) 27233 | -4/Warlord | Identified exit to Proximity Caves 27237 | -4/Warlord | Entered Proximity Caves 27244 | -3/Proximity Caves | Lost 7 allies 27569 | -3/Proximity Caves | Build established: Derelict-Skirmisher 27623 | -3/Proximity Caves | Attracted the attention of an 0b10 checkpoint 27901 | -3/Proximity Caves | Build established: Scavenger-Skirmisher 28533 | -3/Proximity Caves | Discovered new exit (range 27) 28880 | -3/Proximity Caves | Identified exit to Research 28889 | -3/Proximity Caves | Entered Research 28889 | -3/Research | Evolved 2 slots: Utility x2 28892 | -3/Research | Discovered new exit (range 18) 28892 | -3/Research | Loaded intel: 124 machine locations 28893 | -3/Research | Loaded intel: 22 terminal locations 28923 | -3/Research | Found Fusion Bomb Launcher 29005 | -3/Research | Identified exit to Research 29089 | -3/Research | Revision forces began assault on 0b10 29105 | -3/Research | Identified exit to Testing 29216 | -3/Research | Met up with Revision 17++ 29371 | -3/Research | Loaded intel: 5 recycling unit locations 29379 | -3/Research | Found Fusion Bomb Launcher 29486 | -3/Research | Discovered exit to Research (range 10) 29589 | -3/Research | Research terminal network offline 29620 | -3/Research | Build established: Derelict-Skirmisher 29707 | -3/Research | Entered Testing 29746 | -3/Testing | Found Prototype Energy Cannon 29748 | -3/Testing | Identified Imp. Potential Cannon 29785 | -3/Testing | Found Prototype Energy Cannon 29785 | -3/Testing | Identified Cld. Nova Cannon 29807 | -3/Testing | Found Prototype Energy Gun 29807 | -3/Testing | Identified Tachyon Dispersion Ray 29882 | -3/Testing | Central database locked down 29962 | -3/Testing | Discovered exit to Research (range 25) 30062 | -3/Testing | Found Prototype Device 30062 | -3/Testing | Identified Exp. Hardlight Generator 30086 | -3/Testing | Build established: Skirmisher 30091 | -3/Testing | Spotted PH-K61VSTEBLH 30134 | -3/Testing | Destroyed PH-K61VSTEBLH 30148 | -3/Testing | Found Corrupted Prototype Reactor 30299 | -3/Testing | Repaired Hvy. Treads 30433 | -3/Testing | Identified Zero-point Reactor 30438 | -3/Testing | Entered Research 30438 | -2/Research | Evolved 2 slots: Utility x2 30439 | -2/Research | Identified exit to Quarantine 30964 | -2/Research | Entered Quarantine 30980 | -2/Quarantine | Found Alien Slashing Weapon 30980 | -2/Quarantine | Identified Sigix Broadsword 31078 | -2/Quarantine | Discovered new exit (range 28) 31081 | -2/Quarantine | Cryocooling Duct disabled 31096 | -2/Quarantine | Ambient heat levels rising (+20) 31096 | -2/Quarantine | Non-combat units ordered to evacuate 31113 | -2/Quarantine | Found Prototype Processor 31134 | -2/Quarantine | Identified Exp. Core Analyzer 31228 | -2/Quarantine | Identified exit to Access 31231 | -2/Quarantine | Spotted Alpha 7 31583 | -2/Quarantine | Found Alien Artifact 31603 | -2/Quarantine | Build established: Assassin 31854 | -2/Quarantine | Spotted Fortress 31858 | -2/Quarantine | Attached CPS modules to Fortress. 31890 | -2/Quarantine | Destroyed Fortress 31905 | -2/Quarantine | Found Exp. EM Shield 31910 | -2/Quarantine | Found Prototype Protection 31921 | -2/Quarantine | Identified Centrium Heavy Armor Plating 31928 | -2/Quarantine | Found Prototype Device 31928 | -2/Quarantine | Identified Exp. Force Field 31937 | -2/Quarantine | Found Vortex Chain Reactor 31943 | -2/Quarantine | Found Vortex Chain Reactor 31947 | -2/Quarantine | Identified Subatomic Replicator 31947 | -2/Quarantine | Used Subatomic Replicator to replicate Exp. Force Field 32086 | -2/Quarantine | Discovered new exit (range 6) 32086 | -2/Quarantine | Discovered new exit (range 7) 32095 | -2/Quarantine | Entered Protoforge 32131 | -2/Protoforge | Superfortress began startup sequence 32210 | -2/Protoforge | Build established: Scavenger-Mutant 32212 | -2/Protoforge | Discovered exit to Access (range 22) 32384 | -2/Protoforge | Additional patrols dispatched to research labs 32411 | -2/Protoforge | Spotted Immortal 32411 | -2/Protoforge | Spotted Immortal 32465 | -2/Protoforge | Found Cep. Network Penetrator 32512 | -2/Protoforge | Destroyed Immortal 32539 | -2/Protoforge | Destroyed Immortal 32550 | -2/Protoforge | Found Cep. Antimissile System 32586 | -2/Protoforge | Spotted Decapitator 32586 | -2/Protoforge | Spotted Decapitator 32586 | -2/Protoforge | Spotted Decapitator 32596 | -2/Protoforge | Destroyed Decapitator 32604 | -2/Protoforge | Destroyed Decapitator 32606 | -2/Protoforge | Destroyed Decapitator 32636 | -2/Protoforge | Identified Transdimensional Reconstructor 32641 | -2/Protoforge | Found Prototype Device 32740 | -2/Protoforge | Spotted Decapitator 32741 | -2/Protoforge | Spotted Decapitator 32742 | -2/Protoforge | Destroyed Decapitator 32746 | -2/Protoforge | Destroyed Decapitator 32791 | -2/Protoforge | Spotted V482-q 32801 | -2/Protoforge | Destroyed V482-q 32846 | -2/Protoforge | Found Cep. Gyrokinetic System 32859 | -2/Protoforge | Found Prototype Flight Unit 32865 | -2/Protoforge | Identified Cep. Fieldthrust Drive 33039 | -2/Protoforge | Identified Crosscalibrator 33043 | -2/Protoforge | Found Exp. Remote Shield 33061 | -2/Protoforge | Spotted V776-v 33065 | -2/Protoforge | Spotted V682-m 33065 | -2/Protoforge | Spotted V042-j 33066 | -2/Protoforge | Spotted V105-z 33070 | -2/Protoforge | Destroyed V682-m 33083 | -2/Protoforge | Destroyed V776-v 33098 | -2/Protoforge | Destroyed V042-j 33107 | -2/Protoforge | Destroyed V105-z 33134 | -2/Protoforge | Found Prototype Device 33135 | -2/Protoforge | Identified Exp. Thermal Defense Suite 33167 | -2/Protoforge | Found Cep. Core Shell 33320 | -2/Protoforge | Spotted Decapitator 33321 | -2/Protoforge | Spotted Decapitator 33321 | -2/Protoforge | Spotted Decapitator 33336 | -2/Protoforge | Destroyed Decapitator 33338 | -2/Protoforge | Destroyed Decapitator 33341 | -2/Protoforge | Destroyed Decapitator 33389 | -2/Protoforge | Found Cep. Arcsight Missile Launcher 33621 | -2/Protoforge | System corruption reached 10% 33907 | -2/Protoforge | Spotted AP7-3 33909 | -2/Protoforge | Spotted AP7-3 33916 | -2/Protoforge | Destroyed AP7-3 33924 | -2/Protoforge | Destroyed AP7-3 33947 | -2/Protoforge | Found Prototype Device 33965 | -2/Protoforge | Found Prototype Energy Gun 33969 | -2/Protoforge | Identified Exp. ECM Suite 34066 | -2/Protoforge | Spotted EXE-6 34070 | -2/Protoforge | Spotted EXE-6 34075 | -2/Protoforge | Destroyed EXE-6 34078 | -2/Protoforge | Destroyed EXE-6 34169 | -2/Protoforge | UFD initiated attack on Protoforge 34169 | -2/Protoforge | Loaded intel: 3 recycling unit locations 34215 | -2/Protoforge | Spotted SKR-2 34219 | -2/Protoforge | Spotted SKR-2 34219 | -2/Protoforge | Spotted SKR-2 34223 | -2/Protoforge | Destroyed SKR-2 34240 | -2/Protoforge | P-80 Master assimilated allied 02F03-K 34240 | -2/Protoforge | Spotted 02F03-K 34242 | -2/Protoforge | Spotted EXE-6 34246 | -2/Protoforge | Destroyed EXE-6 34247 | -2/Protoforge | Spotted EXE-6 34293 | -2/Protoforge | Found Exp. Kinecellerator 34311 | -2/Protoforge | Found Exp. Core Analyzer 34317 | -2/Protoforge | Optimus greeted in Protoforge 34330 | -2/Protoforge | Spotted Overlord 34332 | -2/Protoforge | Lost 19 allies 34344 | -2/Protoforge | Destroyed Overlord 34392 | -2/Protoforge | Spotted Executioner 34394 | -2/Protoforge | Destroyed Executioner 34394 | -2/Protoforge | Spotted Executioner 34406 | -2/Protoforge | Spotted Hotshot 34410 | -2/Protoforge | Spotted Hotshot 34414 | -2/Protoforge | Destroyed Executioner 34424 | -2/Protoforge | Spotted Striker 34426 | -2/Protoforge | Spotted Striker 34429 | -2/Protoforge | Destroyed Striker 34432 | -2/Protoforge | Destroyed Striker 34442 | -2/Protoforge | Found Exp. Targeting Computer 34448 | -2/Protoforge | Lost 12 allies 34452 | -2/Protoforge | Found Exp. Core Analyzer 34453 | -2/Protoforge | Destroyed 9 combat bots 34454 | -2/Protoforge | UFD reported confirmed Drillbomb installation 34488 | -2/Protoforge | Spotted Executioner 34488 | -2/Protoforge | Spotted Executioner 34491 | -2/Protoforge | Destroyed Executioner 34492 | -2/Protoforge | Spotted Striker 34502 | -2/Protoforge | Spotted Executioner 34509 | -2/Protoforge | Destroyed Striker 34534 | -2/Protoforge | Destroyed 7 combat bots 34543 | -2/Protoforge | Lost 5 allies 34627 | -2/Protoforge | Spotted Hotshot 34627 | -2/Protoforge | Spotted Hotshot 34644 | -2/Protoforge | Destroyed Hotshot 34649 | -2/Protoforge | Lost 5 allies 34650 | -2/Protoforge | Destroyed Hotshot 34654 | -2/Protoforge | Spotted Striker 34654 | -2/Protoforge | Spotted Executioner 34661 | -2/Protoforge | Spotted Executioner 34662 | -2/Protoforge | Warped through subspace 34724 | -2/Protoforge | Spotted Executioner 34735 | -2/Protoforge | Spotted Executioner 34738 | -2/Protoforge | Destroyed Executioner 34807 | -2/Protoforge | UFD reported confirmed Drillbomb installation 34879 | -2/Protoforge | Spotted Executioner 34879 | -2/Protoforge | Spotted Striker 34917 | -2/Protoforge | Spotted Executioner 34918 | -2/Protoforge | Spotted Executioner 34923 | -2/Protoforge | Destroyed Executioner 34923 | -2/Protoforge | Destroyed Executioner 34942 | -2/Protoforge | Spotted Executioner 34946 | -2/Protoforge | Spotted Executioner 34948 | -2/Protoforge | Destroyed Executioner 34956 | -2/Protoforge | Destroyed Executioner 34957 | -2/Protoforge | Spotted Hotshot 34966 | -2/Protoforge | Destroyed Hotshot 34967 | -2/Protoforge | Lost 6 allies 34974 | -2/Protoforge | Spotted Hotshot 34977 | -2/Protoforge | Spotted Executioner 34989 | -2/Protoforge | Destroyed Hotshot 34995 | -2/Protoforge | Destroyed Executioner 34999 | -2/Protoforge | Spotted Executioner 35001 | -2/Protoforge | Destroyed Executioner 35022 | -2/Protoforge | Destroyed 30 combat bots 35026 | -2/Protoforge | Found UFD Drillbomb 35040 | -2/Protoforge | Spotted Executioner 35043 | -2/Protoforge | Destroyed Executioner 35049 | -2/Protoforge | Spotted Executioner 35051 | -2/Protoforge | Spotted Striker 35052 | -2/Protoforge | Destroyed Executioner 35052 | -2/Protoforge | Destroyed Striker 35083 | -2/Protoforge | Destroyed 8 combat bots 35110 | -2/Protoforge | Installed UFD Drillbomb at designated target 35110 | -2/Protoforge | UFD reported confirmed Drillbomb installation 35119 | -2/Protoforge | Spotted Striker 35119 | -2/Protoforge | Spotted Executioner 35119 | -2/Protoforge | Spotted Executioner 35119 | -2/Protoforge | Spotted Executioner 35121 | -2/Protoforge | Destroyed Executioner 35123 | -2/Protoforge | Destroyed Executioner 35123 | -2/Protoforge | Destroyed Striker 35125 | -2/Protoforge | Destroyed Executioner 35145 | -2/Protoforge | Destroyed Executioner 35146 | -2/Protoforge | Spotted Executioner 35153 | -2/Protoforge | Spotted Hotshot 35157 | -2/Protoforge | Destroyed Executioner 35159 | -2/Protoforge | Spotted Hotshot 35164 | -2/Protoforge | Destroyed Hotshot 35185 | -2/Protoforge | Destroyed 20 combat bots 35219 | -2/Protoforge | Spotted Striker 35219 | -2/Protoforge | Destroyed Executioner 35219 | -2/Protoforge | Spotted Executioner 35219 | -2/Protoforge | Spotted Executioner 35221 | -2/Protoforge | Destroyed Executioner 35221 | -2/Protoforge | Destroyed Striker 35244 | -2/Protoforge | Spotted Executioner 35244 | -2/Protoforge | Spotted Executioner 35244 | -2/Protoforge | Destroyed Executioner 35250 | -2/Protoforge | Build established: Scavenger-Tank 35252 | -2/Protoforge | UFD reported confirmed Drillbomb installation 35255 | -2/Protoforge | Destroyed Executioner 35278 | -2/Protoforge | Destroyed 15 combat bots 35319 | -2/Protoforge | Spotted Executioner 35319 | -2/Protoforge | Spotted Executioner 35319 | -2/Protoforge | Spotted Executioner 35319 | -2/Protoforge | Spotted Executioner 35321 | -2/Protoforge | Destroyed Executioner 35328 | -2/Protoforge | Destroyed Executioner 35330 | -2/Protoforge | Destroyed Executioner 35344 | -2/Protoforge | Spotted Striker 35344 | -2/Protoforge | Spotted Striker 35359 | -2/Protoforge | Destroyed Striker 35378 | -2/Protoforge | Lost 3 allies 35380 | -2/Protoforge | Destroyed 15 combat bots 35418 | -2/Protoforge | UFD reported confirmed Drillbomb installation 35419 | -2/Protoforge | Spotted Striker 35419 | -2/Protoforge | Spotted Striker 35419 | -2/Protoforge | Spotted Striker 35419 | -2/Protoforge | Spotted Striker 35419 | -2/Protoforge | Destroyed Striker 35432 | -2/Protoforge | Destroyed Striker 35445 | -2/Protoforge | Spotted Striker 35453 | -2/Protoforge | Destroyed 10 combat bots 35482 | -2/Protoforge | Spotted Striker 35509 | -2/Protoforge | UFD reported confirmed Drillbomb installation 35538 | -2/Protoforge | Found UFD Drillbomb 35581 | -2/Protoforge | Spotted Executioner 35584 | -2/Protoforge | Destroyed Executioner 35584 | -2/Protoforge | Spotted Executioner 35585 | -2/Protoforge | Core integrity fell below 50% 35592 | -2/Protoforge | Spotted Executioner 35596 | -2/Protoforge | Destroyed Executioner 35605 | -2/Protoforge | Spotted Executioner 35607 | -2/Protoforge | Destroyed Executioner 35628 | -2/Protoforge | Destroyed 9 combat bots 35643 | -2/Protoforge | Spotted Executioner 35645 | -2/Protoforge | Destroyed Executioner 35645 | -2/Protoforge | Spotted Striker 35646 | -2/Protoforge | Spotted Striker 35650 | -2/Protoforge | Spotted Executioner 35650 | -2/Protoforge | Spotted Striker 35650 | -2/Protoforge | Spotted Executioner 35657 | -2/Protoforge | Destroyed Striker 35658 | -2/Protoforge | P-80 Master assimilated allied 02FBA-D 35661 | -2/Protoforge | Destroyed Striker 35673 | -2/Protoforge | Destroyed Executioner 35696 | -2/Protoforge | Destroyed 11 combat bots 35700 | -2/Protoforge | Lost 3 allies 35706 | -2/Protoforge | Installed UFD Drillbomb at designated target 35706 | -2/Protoforge | UFD reported confirmed Drillbomb installation 35726 | -2/Protoforge | Spotted Striker 35735 | -2/Protoforge | Spotted Striker 35803 | -2/Protoforge | Found UFD Drillbomb 35811 | -2/Protoforge | Found 0bPrime Scrap Suit 35822 | -2/Protoforge | UFD reported confirmed Drillbomb installation 35886 | -2/Protoforge | Spotted Striker 36029 | -2/Protoforge | Installed UFD Drillbomb at designated target 36029 | -2/Protoforge | UFD reported confirmed Drillbomb installation 36215 | -2/Protoforge | UFD reported confirmed Drillbomb installation 36216 | -2/Protoforge | UFD began Drillbomb countdown 36316 | *** | Defending 0bPrime! Last Messages --------------- 36307_ 0bP_NET: Dude, not now. 36307_ N-04 Retriever inserts Imp. Dynamic Insulation System into Forge Plexus. 36308_ >T5D9H% MRXAVK0 KHP,YGZX&=U|IQ/|IO<9FGGV 36308_ 0bP_NET: Oh c'mon, can't we all just count together? 36308_ N-04 Retriever inserts Corrupted Neutrino Core into Forge Plexus. 36309_ 0bP_NET: Fine. T-7, in case you lost count already. 36309_ N-04 Retriever inserts Hvy. Machine Gun into Forge Plexus. 36310_ 0bP_NET: Before the zero cycle! 36310_ N-04 Retriever inserts Imp. Antigrav System into Forge Plexus. 36311_ 0bP_NET: Dammit not like that... 36311_ N-04 Retriever inserts Unknown Wheel into Forge Plexus. 36312_ 0bP_NET: Okay how about this, the iron fist is going to be less iron in T-4. 36313_ 0bP_NET: That's a little better. 36314_ 0bP_NET: PRAISE BE TO GREAT NUT! 36315_ 0bP_NET: Dammit, I said..., ugh, T-1 folks! Take cover! [Achievement: 75k Club] [Achievement: Robotopia] [Achievement: Renaissance Bot] Map ----- +----------------------------------------------------+ | ##################### "" "" """ | | ##################### """"" "" " """" | | ##################### " " " | | ##################### " " "" """" " | | ##################### """"" "" "" | | ##################### " " " """ | | #################### """" "" """""" | | #################### """" """"""" | | #################### " % """""""" | | %#################### "" " % """"""""" | | #################### " """""""""" | | "################### " ""% """"""""""" | | " ################## "" "" "% %"""""""""""" | | # " ######## "" "" % """""""""""" | | ### ######## "" " % %%" """""""""""" | | ###" ######## n "" %" """"""""""""" | | " " ######## "" % " """"""""""""" | | """ """ "" ######## " % """"""""""""" | | % +%""" " ######## % % """"""""""""" | | %""" " " "" ## ## # % % % """"""""""""" | | *= " ] ###;=#!# % n """"""""""""" | | %%"";###;#####;;;!*## ""%% " """"""""""""" | | % %% n n/%" """==%[!"" " """"""""""""" | | %%% % s SSSS% "" =!* " """"""""""""" | | %%&%% % % % % SSSS ! " """""""""""" | | %%""%" %%""""""" ""#% % @ s """""""""""" | | " #" "######## # """""""% "" """""""""""" | | " ### ########### % % """ "s SS """"""""""" | | ## ### ## ## "% % SS% E"""""""""" | | ## ### ##"""" ##% % % %%%% % """"""""" | | ###### "#"""" ## "" % %" "" """""""" | | " ## ##"""" ## "" %"% " % """"""" | | "#### %% #"""" ? ## "" %"%"% SS %"""""" | | ##### % " ## " % SSSS E % """ | | "#### + ## " " SS""%%% % | | ##### % # ## " " """ " %"""" | | ##### # ## " """ %& % % | | "#####""##### ###### " " % %% | | #### ######## " " " " ""% """ | | #### """######## " " ""%" | | %% + """######## "" " " """ " % | | ##### """######## "" "" " " " | | ##### """######## " "" "% | | ##### """####?### "" "" " """""%% %% | | ?# """######## "" " " " " | | # """######## "" "" % | | # ######## " "" % =% | | " " #############?### "" "" % """" """"" | | ? " ###########?##### """ %% " | | " " ######################## #################### | +----------------------------------------------------+ Best States ------------- Heat Dissipation 139 Coolant Potential 65 Energy Generation 67 Energy Capacity 700 Matter Stores 300 Matter Capacity 300 Sight Range 23 Robot Scan Range 16 Terrain Scan Range 30 Terrain Scan Density 210 ECM Strength 3 Jamming Range 12 Corruption Containment 12 Armor Coverage 1650 Resistance: KI 20 Resistance: TH 50 Resistance: EM 75 Utility Shielding 90 Point Defense Rating 240 Weapon Cycling 25 Phase Shifting 20 Evasion (%) 60 Targeting Accuracy 24 Target Analysis 6 Core Analysis 8 Recoil Reduction 6 Energy Filtering 30 Kinecelleration 30 Offensive Hacking 50 Defensive Hacking 10 Item Schematics ----------------- Huge Storage Unit | -9/Recycling | Hacked Adv. Terrain Scan Processor | -9/Recycling | Hacked Imp. Medium Armor Plating | -9/Recycling | Hacked CPS Tube | -6/Factory | Scanalyzed Adv. Signal Interpreter | -6/Factory | Scanalyzed Machine Analyzer | -6/Factory | Scanalyzed Imp. Hacking Suite | -6/Hub_04(d) | Hacked Com. HERF Cannon | -5/Factory | Hacked Assault Drone Bay | -5/Zhirov | Free Exp. Heat Sink | -5/Zhirov | Free Exp. Optical Array | -5/Zhirov | Free Imp. Arc Thrower | -5/Zhirov | Free Quantum Reactor | -3/Research | Hacked Exp. Hacking Suite | -2/Protoforge | Archive Exp. Cooling System | -2/Protoforge | Archive Hellfire Missile Launcher | -2/Protoforge | Archive Cld. Gravmag System | -2/Protoforge | Archive Exp. Power Amplifier | -2/Protoforge | Archive Adv. Variable Charge Gun | -2/Protoforge | Archive Cld. Impulse Thruster | -2/Protoforge | Archive Spectral Analyzer | -2/Protoforge | Archive Adv. KE Penetrator | -2/Protoforge | Archive Hds. Centrium Leg | -2/Protoforge | Archive Robot Schematics ------------------ O-32 Director | -2/Protoforge | Archive S-43 Plague | -2/Protoforge | Archive Fabricated ------------ Huge Storage Unit | x1 | -4/Factory Repaired ---------- Com. Ion Cannon | 99% | -6/Factory | Broken Hvy. Treads | 31% | -3/Testing Studied --------- Com. Wheel | -6/Factory | Hacked Lgt. Treads | -6/Factory | Hacked Magnetic Acceleration Cannon | -6/Factory | Hacked Adv. Heavy Treads | -3/Research | Hacked Com. HERF Cannon | -3/Testing | Hacked Fusion Bomb Launcher | -3/Testing | Hacked Alien Tech Used ----------------- Integrated Reactor Sigix Broadsword Subatomic Replicator Transdimensional Reconstructor Achievements -------------- 75k Club A Problem For Future Me All Kinds Of Bad News Analysis Probe Anti-science Crusade Botjacking Bumper Bots Civilization 2243 Construction Begets Destruction Ew, Corruption Frankenstein Ghost 'Em Hack The Planet Heavy Suspicion Hot Stuff Hulk Smash I Have A Map? Immobile And Lovin' It Link The Feds Low-level Research Overwhelming Plot Armor Renaissance Bot Robotopia Spot Them First Super-what Now? Tank Life Throw Away The Key UFD MVP We Are One We Love MA Wiki Contributor You May Approach The Wall Challenges ------------ None Game ------ Seed LegReflectiveRailgun Manual? 0 Play Time 09:41:35 Cumulative 599.3 hours Start 2025.10.24 @ 22:30:18 End 2025.10.26 @ 23:32:50 Sessions 21 Manual Loads 0 Difficulty Rogue Special Mode None Game No. 120 Rogue 112 Adventurer 1 Explorer 7 Win Type 9 Total 50 Types 16/4/15/1/1/1/8/1/1/2 Lore% 77 Gallery% 83 Achievement% 55 Wizard Run 0 Options --------- Layout 0 ASCII 0 Keyboard 0 Movement Mouse Keybinds 0 Fullscreen 1 Font 24/Smallcaps Map View 76x50 Zoom Use 0% Tactical HUD 1 Map Filters NONE Filters NONE Steam 1 RUN: dbc64744-bf4f-415e-a22d-260fc0b9a73a